 Dungeon Crawl Stone Soup version 0.31-a0-949-g57150269e1 (webtiles) character file.

Game seed: 1136149175716560013

2627368 demibob the Conqueror (level 27, 311/323 HPs)
             Began as a Troll Chaos Knight on Oct 20, 2023.
             Was the Champion of Jiyva.
             Escaped with the Orb
             ... and 4 runes on Oct 22, 2023!
             The game lasted 03:05:01 (58984 turns).

demibob the Conqueror (Troll Chaos Knight)         Turns: 58984, Time: 03:05:02

Health: 311/323    AC: 35    Str: 41    XL:     27
Magic:  30/30      EV: 25    Int:  6    God:    Jiyva [******]
Gold:   2199       SH:  5    Dex: 19    Spells: 26/26 levels left

rFire   + + .        a - +9 giant spiked club (spect)
rCold   . . .        (shield currently unavailable)
rNeg    . . .        o - +6 fire dragon scales
rPois   +            N - +1 hat {Will+}
rElec   .            r - +1 cloak of Starlight {*Dazzle EV+4 Stlth--}
rCorr   +            (gloves unavailable)
SInv    .            (boots unavailable)
Will    +++..        J - amulet of Minimn {Reflect rC+ SH+5} Stlth
                     U - ring of the Tortoise {AC+8}
HPRegen 3.13/turn    R - ring "Datein" {rPois EV+5 Str+5 Dex-2}
MPRegen 0.72/turn

%: reflection, clarity, resist mutation
@: studying Long Blades
A: large, unfitting armour, claws 3, regeneration 1, shaggy fur 1, tough skin 1,
beak, hooves 1, thin skeletal structure 2, clarity, mutation resistance 3,
strong 2, acidic bite, eyeballs 2, MP-powered wands
0: Orb of Zot
}: 4/15 runes: decaying, slimy, silver, gossamer
a: Renounce Religion, Oozemancy, Slimify


You escaped.
You worshipped Jiyva.
Jiyva was exalted by your worship.
You visited 11 branches of the dungeon, and saw 55 of its levels.
You also visited: Trove, Gauntlet, Volcano, Wizlab and Desolation.

You collected 8423 gold pieces.
You spent 6224 gold pieces at shops.


Innate Abilities, Weirdness & Mutations

You are too large for most types of armour.
You have claws for hands.
Your natural rate of healing is unusually fast.
You are covered in fur. (AC +1)
You have tough skin. (AC +1)
You have a beak for a mouth.
You have large cloven feet.
You have a moderately thin skeletal structure. (Dex +4, Stealth++)
You possess an exceptional clarity of mind.
You are almost entirely resistant to further mutation and mutation removal.
Your muscles are very strong. (Str +8, Int/Dex -2)
You have acidic saliva.
Your body has grown many eyes which may confuse attackers. (Acc +5)
You expend magic power (3 MP) to strengthen your wands.


   Skills:
 O Level 27 Fighting
 O Level 27 Maces & Flails
 + Level 21.1 Armour
 - Level 12.7 Dodging
 - Level 11.6 Invocations


You had 26 spell levels left.
You didn't know any spells.
Your spell library contained the following spells:

 Spells                   Type           Power      Damage    Failure   Level
 Apportation              Tloc           0%         N/A       58%         1
 Freeze                   Ice            0%         1d3       58%         1
 Kiss of Death            Conj/Necr      0%         2d5       58%         1
 Magic Dart               Conj           0%         1d3       58%         1
 Necrotise                Necr           0%         1d4       58%         1
 Sandblast                Erth           0%         2d4       58%         1
 Slow                     Hex            0%         N/A       58%         1
 Sting                    Tmut/Pois      0%         1d3       58%         1
 Summon Small Mammal      Summ           0%         N/A       58%         1
 Blink                    Tloc           0%         N/A       73%         2
 Call Imp                 Summ           0%         N/A       73%         2
 Ensorcelled Hibernation  Hex/Ice        0%         N/A       73%         2
 Jinxbite                 Hex            0%         N/A       73%         2
 Passwall                 Tmut/Erth      0%         N/A       73%         2
 Poisonous Vapours        Pois/Air       0%         N/A       73%         2
 Scorch                   Fire           0%         2d5       73%         2
 Searing Ray              Conj           0%         2d4       73%         2
 Static Discharge         Conj/Air       0%         3-3/arc   73%         2
 Wereblood                Tmut           0%         N/A       73%         2
 Call Canine Familiar     Summ           0%         N/A       91%         3
 Confusing Touch          Hex            0%         N/A       91%         3
 Dazzling Flash           Conj/Hex       0%         N/A       91%         3
 Frozen Ramparts          Ice            0%         1d1       91%         3
 Gell's Gravitas          Tloc           0%         N/A       91%         3
 Hailstorm                Conj/Ice       0%         3d3       91%         3
 Inner Flame              Hex/Fire       0%         N/A       91%         3
 Mephitic Cloud           Conj/Pois/Air  0%         N/A       91%         3
 Sigil of Binding         Hex            0%         N/A       91%         3
 Stone Arrow              Conj/Erth      0%         3d7       91%         3
 Summon Guardian Golem    Hex/Summ       0%         N/A       91%         3
 Swiftness                Air            0%         N/A       91%         3
 Teleport Other           Tloc           0%         N/A       91%         3
 Tukima's Dance           Hex            0%         N/A       91%         3
 Vampiric Draining        Necr           0%         2d6       91%         3
 Volatile Blastmotes      Fire/Tloc      0%         2d10      91%         3
 Airstrike                Air            0%         2d(0-16)  100%        4
 Anguish                  Hex/Necr       0%         N/A       100%        4
 Animate Armour           Summ/Erth      0%         N/A       100%        4
 Animate Dead             Necr           0%         N/A       100%        4
 Brom's Barrelling Bould  Conj/Erth      0%         2d3       100%        4
 Dimensional Bullseye     Hex/Tloc       0%         N/A       100%        4
 Dispel Undead            Necr           0%         3d6       100%        4
 Flame Wave               Conj/Fire      0%         2d4       100%        4
 Fulminant Prism          Conj/Hex       0%         3d5       100%        4
 Iskenderun's Mystic Bla  Conj/Tloc      0%         2d3       100%        4
 Leda's Liquefaction      Hex/Erth       0%         N/A       100%        4
 Manifold Assault         Tloc           0%         N/A       100%        4
 Olgreb's Toxic Radiance  Pois           0%         N/A       100%        4
 Passage of Golubria      Tloc           0%         N/A       100%        4
 Petrify                  Tmut/Erth      0%         N/A       100%        4
 Sticky Flame             Conj/Fire      0%         2d3       100%        4
 Summon Ice Beast         Ice/Summ       0%         N/A       100%        4
 Summon Lightning Spire   Summ/Air       0%         N/A       100%        4
 Vhi's Electric Charge    Tloc/Air       0%         N/A       100%        4
 Agony                    Necr           0%         N/A       100%        5
 Alistair's Intoxication  Tmut/Pois      0%         N/A       100%        5
 Arcjolt                  Conj/Air       0%         1d10      100%        5
 Freezing Cloud           Conj/Ice/Air   0%         6-21      100%        5
 Irradiate                Conj/Tmut      0%         3d11      100%        5
 Lee's Rapid Deconstruct  Erth           0%         3d4*      100%        5
 Metabolic Englaciation   Hex/Ice        0%         N/A       100%        5
 Silence                  Hex/Air        0%         N/A       100%        5
 Summon Forest            Summ/Tloc      0%         N/A       100%        5
 Summon Mana Viper        Hex/Summ       0%         N/A       100%        5
 Yara's Violent Unravell  Hex/Tmut       0%         3d3       100%        5
 Dispersal                Tloc           0%         N/A       100%        6
 Plasma Beam              Fire/Air       0%         2x1d10    100%        6
 Simulacrum               Ice/Necr       0%         N/A       100%        6
 Summon Cactus Giant      Summ           0%         N/A       100%        6
 Haunt                    Necr/Summ      0%         N/A       100%        7
 Malign Gateway           Summ/Tloc      0%         N/A       100%        7
 Monstrous Menagerie      Summ           0%         N/A       100%        7
 Summon Hydra             Summ           0%         N/A       100%        7
 Discord                  Hex            0%         N/A       100%        8
 Infestation              Necr           0%         N/A       100%        8
 Lehudib's Crystal Spear  Conj/Erth      0%         10d2      100%        8
 Maxwell's Capacitive Co  Air            0%         ∞         100%        8
 Summon Horrible Things   Summ           0%         N/A       100%        8
 Fire Storm               Conj/Fire      0%         5d1       100%        9

Inventory:

Hand Weapons
 a - a +9 spectral giant spiked club (weapon)
 C - a +9 giant spiked club of freezing
 M - a +6 giant spiked club of chaos
Missiles
 k - 3 curare-tipped darts {=f}
Armour
 o - +6 fire dragon scales (worn)
 p - the +4 skin of Zhor {*Englaciate rC+++ SInv}
   (You found it on level 5 of the Lair of Beasts)

   *Englaciate: It radiates cold, occasionally slowing all nearby creatures who
   are not resistant to cold.
   rC+++:     It renders you almost immune to cold.
   SInv:      It lets you see invisible.
 r - the +1 cloak of Starlight (worn) {*Dazzle EV+4 Stlth--}
   (You found it in a wizard's laboratory)

   *Dazzle:   It may blind those who miss an attack against the wearer in melee
   combat.
   EV+4:      It affects your evasion (+4).
   Stlth--:   It makes you much less stealthy.
 N - a +1 hat of willpower (worn)
Jewellery
 e - the ring "Apaem" {rF+ Will+ SInv}
   (You found it on level 2 of the Depths)

   [ring of willpower]

   rF+:       It protects you from fire.
   Will+:     It increases your willpower.
   SInv:      It lets you see invisible.
 q - the ring "Jega" {rC+ AC+4 Str+3}
   (You found it in a treasure trove)

   [ring of protection]

   AC+4:      It affects your AC (+4).
   Str+3:     It affects your strength (+3).
   rC+:       It protects you from cold.
 s - the ring of Ezoudon {Ice Will- Str+3 Int+3 Dex+3}
   (You took it off Josephina on level 3 of the Depths)

   [ring of ice]

   Ice:       It enhances your ice magic.
   Str+3:     It affects your strength (+3).
   Int+3:     It affects your intelligence (+3).
   Dex+3:     It affects your dexterity (+3).
   rF-:       It makes you vulnerable to fire.
   rC+:       It protects you from cold.
   Will-:     It decreases your willpower.
 w - the ring "Wiaxufam" {rF+ SInv}
   (You found it on level 9 of the Dungeon)

   [ring of protection from fire]

   rF+:       It protects you from fire.
   SInv:      It lets you see invisible.
 A - the ring of the Amoeba {Fly rPois rC+ Dex-5}
   (You found it in a Gauntlet)

   [ring of flight]

   Dex-5:     It affects your dexterity (-5).
   rC+:       It protects you from cold.
   rPois:     It protects you from poison Fly: It grants you flight.
 G - the ring "Daqienu" {rPois AC+4 Str+4}
   (You acquired it on level 4 of the Lair of Beasts)

   [ring of protection]

   AC+4:      It affects your AC (+4).
   Str+4:     It affects your strength (+4).
   rPois:     It protects you from poison
 J - the amulet of Minimn (around neck) {Reflect rC+ SH+5}
   (You found it on level 12 of the Dungeon)

   [amulet of reflection]

   Reflect:   It reflects blocked missile attacks.
   rC+:       It protects you from cold.
   SH+5:      It affects your SH (+5).
 R - the ring "Datein" (right claw) {rPois EV+5 Str+5 Dex-2}
   (You bought it in a shop on level 2 of the Orcish Mines)

   [ring of evasion]

   EV+5:      It affects your evasion (+5).
   Str+5:     It affects your strength (+5).
   Dex-2:     It affects your dexterity (-2).
   rPois:     It protects you from poison
 S - the ring of Internal Strife {rF+ rN+ Will+ AC+4 Dex-4}
   (You found it in a treasure trove)

   [ring of protection]

   AC+4:      It affects your AC (+4).
   Dex-4:     It affects your dexterity (-4).
   rF+:       It protects you from fire.
   rN+:       It protects you from negative energy.
   Will+:     It increases your willpower.
 U - the ring of the Tortoise (left claw) {AC+8}
   (You found it in a treasure trove)

   [ring of protection]

   AC+8:      It affects your AC (+8).
 Y - a +4 ring of slaying
Wands
 c - a wand of light (20)
 d - a wand of digging (11)
 f - a wand of iceblast (48)
 j - a wand of mindburst (5)
 l - a wand of flame (86)
 y - a wand of charming (64)
 H - a wand of polymorph (27)
Scrolls
 g - 21 scrolls of identify {@r1}
 n - a scroll of torment
 t - 4 scrolls of immolation
 z - 8 scrolls of teleportation {@r2}
 D - a scroll of vulnerability
 E - 2 scrolls of poison
 I - 2 scrolls of butterflies
 W - a scroll of revelation
 X - 6 scrolls of fear
Potions
 b - 8 potions of enlightenment
 h - 6 potions of mutation
 i - 5 potions of ambrosia
 m - 4 potions of haste {@q3}
 u - 2 potions of heal wounds {@q2}
 v - a potion of attraction
 x - 2 potions of invisibility
 B - a potion of cancellation
 F - a potion of resistance
 L - 4 potions of berserk rage {!q}
 O - 19 potions of curing {@q1}
 V - 5 potions of might
 Z - 3 potions of lignification
Miscellaneous
 K - a sack of spiders
 P - a condenser vane
 Q - a phantom mirror (inert)

Dungeon Overview and Level Annotations

Branches:
Dungeon (15/15)            Temple (0/1) D:5            Lair (5/5) D:8
  Swamp (4/4) Lair:2       Spider (4/4) Lair:3        Slime (5/5) Lair:5
    Orc (2/2) D:12            Elf (3/3) Orc:2        Vaults (5/5) D:13
  Crypt (3/3) Vaults:3       Tomb (0/3) Crypt:3      Depths (4/4) D:15
    Zot (5/5) Depths:4    Volcano (visited)          WizLab (visited)
Desolation (visited)      Gauntlet (visited)

Altars:
Ashenzari
Dithmenos
Elyvilon
Fedhas
Gozag
Kikubaaqudgha
Makhleb
Qazlal
Trog
Vehumet
Xom
Yredelemnul
Zin
The Shining One
Jiyva
Lugonu

Shops:
D:10 :   D:11 =   D:12 *   Orc:1 *   Orc:2 [*:!:   Elf:2 =:=*   Elf:3 [
Vaults:1 (   Vaults:5 !*!!!!=   Depths:1 ([[(   Depths:3 *[

Portals:
Hell: Depths:1 Depths:2 Depths:3 Depths:4
Abyss: D:9 Depths:3
Pandemonium: Depths:2 Depths:4
Ziggurat: Depths:1

Annotations:
D:9 2 transporters, lunkers's ghost, journeyman MeSh
Lair:5 exclusion: oklob plant
Spider:4 1 runed translucent door, olddryhag's ghost, adept DsGl
Slime:5 Royal Jelly

..........).............#
.########.###############
..###.###..######## #######
...##.............###..##.#
....##..#...(............##
▒▒▒....#......▒▒▒▒▒.......#
..▒▒▒▒.....▒▒▒▒...▒▒▒▒....#
.....▒▒▒+▒▒▒.........▒▒▒..#
⌠......'.'......@......▒..#
.....▒▒▒+▒▒▒.........▒▒▒..#
..▒▒▒▒.....▒▒▒▒...▒▒▒▒....#
▒▒▒.....###...▒▒▒▒▒.....###
.....##...##.....(..#.###
.###############....### ##
######


There were no monsters in sight!


Message History

What level of the Dungeon? (default 1, ? - help) You're already here!
Your +9 spectral giant spiked club disappears.
There is an open door here.
There is a fountain of clear blue water here.
A hellion comes into view.
There is an open door here.
You close the door.
Which direction?
You close the door.
You start waiting.
A hellion opens the door.
The hellion gestures at you.
The sphere of damnation explodes!
The damnation engulfs you!!
The damnation engulfs the hellion.
The hellion completely resists.
There is an open door here.
You sock the hellion! Your kick misses the hellion.
Your peck misses the hellion.
The hellion is moderately wounded.
The hellion misses you.
You barely miss the hellion. You kick the hellion, but do no damage.
You peck the hellion, but do no damage.
The hellion is moderately wounded.
The hellion gestures at you.
The sphere of damnation explodes!
The damnation engulfs you!!
The damnation engulfs the hellion.
The hellion completely resists.
You hammer the hellion like a gong!!!
You kill the hellion!
There is a staircase leading out of the dungeon here.
You have escaped!

Skill      XL: |  1  2  3  4  5  6  7  8  9 10 11 12 13 14 15 16 17 18 19 20 21 22 23 24 25 26 27 |
---------------+----------------------------------------------------------------------------------+-----
Maces & Flails | 7 8 9 10 12 13 15 17 19 20 21 22 23 24 26 27 | 27.0
Armour         | 4 6 12 14 17 19 21 | 21.1
Fighting       | 5 7 9 11 12 15 18 20 22 24 26 27 | 27.0
Dodging        | 3 7 11 12 | 12.7
Invocations    | 6 11 | 11.6

Action                     |  1- 3 |  4- 6 |  7- 9 | 10-12 | 13-15 | 16-18 | 19-21 | 22-24 | 25-27 || total
---------------------------+-------+-------+-------+-------+-------+-------+-------+-------+-------++-------
  Melee: Mace              |   118 |   204 |   256 |       |       |       |       |       |       ||   578
         Punch             |       |     1 |     6 |     2 |       |       |       |       |       ||     9
         Kick              |       |     5 |   115 |   133 |   178 |    78 |       |   246 |   498 ||  1253
         Morningstar       |       |       |   151 |   381 |       |       |       |       |       ||   532
         Giant club        |       |       |       |   157 |       |       |       |       |       ||   157
         Headbutt          |       |       |       |    60 |    58 |       |       |       |       ||   118
         Giant spiked club |       |       |       |   160 |  1106 |   870 |  1220 |  1087 |   959 ||  5402
         Bite              |       |       |       |       |       |       |       |     1 |    65 ||    66
         Peck              |       |       |       |       |       |       |       |       |   174 ||   174
  Evoke: Wand              |       |       |     1 |    31 |    13 |       |     5 |     5 |     3 ||    58
         Phantom mirror    |       |       |       |       |       |       |     1 |       |     1 ||     2
         Condenser vane    |       |       |       |       |       |       |     2 |     2 |       ||     4
         Sack of spiders   |       |       |       |       |       |       |       |     1 |       ||     1
    Use: Scroll            |     3 |     6 |     7 |    11 |    20 |     7 |     6 |    20 |    12 ||    92
         Potion            |       |     3 |     3 |     6 |     7 |     8 |     5 |    20 |    18 ||    70
   Stab: Sleeping          |     1 |       |       |       |     2 |     8 |    22 |     1 |     1 ||    35
         Confused          |       |     1 |       |     7 |       |     6 |     8 |     6 |     9 ||    37
         Invisible         |       |       |     2 |     2 |     7 |       |    19 |    30 |     8 ||    68
         Petrified         |       |       |     1 |       |     3 |       |       |       |       ||     4
         Paralysed         |       |       |       |     1 |     1 |       |       |       |       ||     2
         Distracted        |       |       |       |       |     5 |       |    16 |    27 |    26 ||    74
 Armour: Robe              |    86 |   147 |   189 |       |       |       |       |       |       ||   422
         Swamp dragon scal |       |       |   162 |   578 |   424 |       |       |       |       ||  1164
         Animal skin       |       |       |       |       |   449 |   561 |   585 |   360 |       ||  1955
         Fire dragon scale |       |       |       |       |       |       |       |   209 |   568 ||   777
         Skin              |       |       |       |       |       |       |       |       |     1 ||     1
  Dodge: Dodged            |    64 |   107 |   223 |   350 |   512 |   521 |   769 |   795 |   713 ||  4054
  Block: Other             |       |       |       |       |    54 |   138 |   174 |    68 |    80 ||   514
         Reflection        |       |       |       |       |       |     1 |    24 |     7 |     1 ||    33

Levels and vault maps discovered:
D:1:      elethiomel_arrival_infinity_welcomes_careful_drivers, layout_basic,
          minmay_door_square, minmay_tripent
D:2:      cheibrodos_greedy_goblins, layout_basic, basic_altar,
          minmay_misc_feat_square, minmay_fractal_squares_5
D:3:      layout_basic, hellmonk_ecumenical_altar_watching_god, uniq_natasha,
          uniq_ijyb, uniq_robin
D:4:      minmay_chambers_of_threes, layout_basic,
          chequers_serial_rivers_small_a, uniq_pikel
D:5:      layout_loops_cross, minmay_temple_entry_junction_2, uniq_eustachio
D:6:      cheibrodos_fertilizer, layout_cave_pools, uniq_maggie,
          uniq_crazy_yiuf_cottage
D:7:      layout_basic, serial_undead, serial_undead_c, serial_undead_e,
          serial_undead_b, serial_undead_b, serial_undead_f, serial_undead_b,
          serial_undead_b, serial_undead_c, serial_undead_f, serial_undead_f,
          guppyfry_early_elven_hall, uniq_menkaure
D:8:      minmay_chambers_of_sevens, layout_basic,
          pdpol_temple_overflow_zin_treasury_gozag_greed,
          lightli_temple_of_fire, mainiacjoe_overflow_brackets,
          david_lair_shrubbed, serial_bayou, serial_bayou_lake_a,
          serial_bayou_pond_d, serial_bayou_lagoon_a, serial_bayou_pond_a
D:9:      layout_roguey, mainiacjoe_overflow_catwalk,
          gammafunk_ghost_abyssal_escape, uniq_erica, uniq_harold
D:10:     layout_long_grid, chequers_temple_overflow_minitemple,
          nicolae_shop_i_like_small_books_too, kennysheep_generic_room_14
D:11:     layout_basic, serial_shops, nicolae_shop_gaudy_bauble, uniq_nergalle,
          uniq_snorg
D:12:     layout_small_grid, david_orc_4, tso_altar
D:13:     layout_loops_ring, david_vaults_5, nicolae_trove_entry_isolated
D:14:     layout_irregular_city, nicolae_concentric_dashed_squares_mild,
          tgw_lugonu_bribe
D:15:     grunt_enter_depths_giant_problem, layout_basic,
          portal_ice_cave_entry_pillars_1, minmay_shattered_shrine
Lair:1:   minmay_lair_venomous_thicket, layout_cave_pods, serial_bayou_shore_b,
          serial_bayou_shore_a, lemuel_fruit_fields, grunt_megastairs_2
Lair:2:   layout_long_grid, swamp_mist, enter_volcano_4
Lair:3:   layout_regular_city, spider_nest_entry_web_field, uniq_kirke
Lair:4:   layout_cellular_growth
Lair:5:   minmay_lair_end_frog_pond, layout_regular_city,
          nicolae_slime_entry_field_trip
Swamp:1:  layout_falls_marsh, hangedman_swamp_ruin_hall, uniq_mlioglotl
Swamp:2:  layout_basic_swamp, hangedman_swamp_lotus, swamp_pool1,
          infiniplex_staircase_pool_2
Swamp:3:  layout_falls_marsh, ebering_ghost_rock_garden,
          evilmike_swamp_ruin_house_3, swamp_pool5
Swamp:4:  swamp_alternative, layout_basic_swamp, swamp_pool1,
          lemuel_altar_in_water, nicolae_swamp_rocky_clearing,
          nicolae_swamp_soggy_hallways
Spider:1: layout_chambers
Spider:2: layout_spider_delve, nicolae_spider_webbed_stairs
Spider:3: nicolae_spider_hilbert_zone_5 [nicolae_spider_hilbert_3_sides_1_open,
          nicolae_spider_hilbert_4_sides_1_open,
          nicolae_spider_hilbert_4_sides_1_open,
          nicolae_spider_hilbert_6_sides_1_open,
          nicolae_spider_hilbert_6_sides_1_open], guppyfry_spider_mini_1,
          nicolae_spider_cling_halls, uniq_nikola
Spider:4: grunt_spider_rune_circles, ebering_ghost_inner_flame,
          hellmonk_deceptive_appearances
Slime:1:  layout_caves
Slime:2:  layout_caves, nicolae_slime_round_cave
Slime:3:  layout_caves
Slime:4:  layout_caves, nicolae_slime_ancient_tower_intersection
Slime:5:  slime_pit_nicolae_inversion
Orc:1:    layout_caves, serial_shops, shop, uniq_maurice
Orc:2:    st_orc_elflike, layout_caves, gauntlet_entry_generic,
          nicolae_orc_pool_cavern, nicolae_shop_self_help
Elf:1:    layout_geoelf_octagon, evilmike_minifort, chequers_big_river,
          kennysheep_underground_church
Elf:2:    elven_hall_of_blades_hangedman_original
          [nicolae_blade_entry_splitting_headache], layout_onion_city,
          infiniplex_enter_wizlab_spiral, guppyfry_elf_lava, minmay_shop_grove
Elf:3:    minmay_elf_hall_curves, layout_geoelf_octagon, serial_shops,
          nicolae_diamond_shop, grunt_megastairs_3
Vaults:1: vaults_room_pools, ontoclasm_vaults_hangar,
          nicolae_vaults_more_shelving_1, nicolae_vaults_big_ls,
          nicolae_vaults_network_square, nicolae_vaults_crenellated_ambush,
          nicolae_vaults_tetromino_Z_2, nicolae_vaults_frosty_reception,
          ontoclasm_vaults_ring_square, ontoclasm_vaults_shuriken,
          ontoclasm_vaults_decontamination, vaults_dpeg_diagonal,
          layout_vaults_omnigrid, serial_shops, nicolae_shop_hallway_plus,
          uniq_aizul
Vaults:2: vaults_room_boxed, ontoclasm_vaults_tryst, v_misc_9,
          nicolae_vaults_corpse_flower, nicolae_vaults_little_squares_5,
          nicolae_vaults_closet_pinwheel_4, v_misc_10,
          nicolae_vaults_trapezoid_4, v_alt_pattern_3,
          nicolae_vaults_storage_room_statues, grunt_vaults_hallway_long,
          hangedman_vaults_pinch, nicolae_vaults_closet_pinwheel_6,
          vaults_room_door_ring, layout_vaults_omnibox, uniq_boris, uniq_zenata
Vaults:3: nicolae_vaults_lopsided_apartments, nicolae_vaults_prndl,
          nicolae_vaults_little_squares_4, minmay_crypt_entry_necro_gods,
          v_misc_27, nicolae_vaults_diamond_2, v_misc_2,
          vaults_mumra_minichess_inversion, v_pattern_5, v_misc_14, v_misc_22,
          layout_vaults_ring, uniq_norris
Vaults:4: portal_desolation_entry_holy_temple, v_misc_10, nicolae_vaults_two_Ls,
          nicolae_vaults_apartment_2, nicolae_vaults_spaceships,
          nicolae_vaults_storage_closets_3, nicolae_vaults_little_ls,
          vaults_dpeg_doors, ontoclasm_vaults_gallery,
          nicolae_vaults_trapezoid_layered, grunt_vaults_twisty,
          nicolae_vaults_three_branches, hangedman_vaults_stitches,
          nicolae_vaults_circle_grid_a, nicolae_vaults_apartment_2,
          layout_vaults_maze_snakey, uniq_sojobo
Vaults:5: serial_shops
Crypt:1:  layout_regular_city, hex_medium, lemuel_upstairs_altar
Crypt:2:  layout_catacombs
Crypt:3:  evilmike_haunted_forest, uniq_xtahua
Depths:1: layout_big_octagon, enter_ziggurat_e, hellmouth_1, grunt_ministairs_1,
          st_stairs_7, lightli_giant_bouncers, minmay_shoptagon,
          serial_bayou_shore_b
Depths:2: minmay_the_grid_ultimate [minmay_the_grid_prize_four_corners,
          minmay_the_grid_prize_trominoes, minmay_the_grid_prize_trominoes,
          minmay_the_grid_prize_four_corners_diamond_b,
          minmay_the_grid_square_5x5_three_walls,
          minmay_the_grid_square_5x5_trominoes,
          minmay_the_grid_square_5x5_eight, minmay_the_grid_square_5x5_percent,
          minmay_the_grid_square_5x5_shuriken,
          minmay_the_grid_square_5x5_spiral,
          minmay_the_grid_square_5x5_sharp_hourglass,
          minmay_the_grid_square_5x5_inset,
          minmay_the_grid_square_5x5_inverted_slash,
          minmay_the_grid_square_5x5_checkered_statues,
          minmay_the_grid_square_5x5_misaligned,
          minmay_the_grid_square_5x5_intrusive_squares,
          minmay_the_grid_square_5x5_pentomino_r,
          minmay_the_grid_square_5x5_lines, minmay_the_grid_square_5x5_minibox,
          minmay_the_grid_triangle_9x9_shrine,
          minmay_the_grid_triangle_9x9_skeleton,
          minmay_the_grid_triangle_9x9_minimal,
          minmay_the_grid_triangle_9x9_flanged_cone,
          minmay_the_grid_triangle_9x9_descending_squares,
          minmay_the_grid_triangle_9x9_semitri,
          minmay_the_grid_triangle_9x9_longest,
          minmay_the_grid_triangle_9x9_sprig,
          minmay_the_grid_triangle_9x9_alien,
          minmay_the_grid_triangle_9x9_stretched_checkered,
          minmay_the_grid_triangle_9x9_wacky_v,
          minmay_the_grid_triangle_9x9_corrupted_corridor,
          minmay_the_grid_triangle_9x9_negative_grid,
          minmay_the_grid_triangle_9x9_limited_checkers,
          minmay_the_grid_triangle_9x9_dagger,
          minmay_the_grid_triangle_9x9_thin_v, minmay_the_grid_square_5x5_fat_x,
          minmay_the_grid_octo_clover, minmay_the_grid_octo_checkerflower,
          minmay_the_grid_octo_clover_2, minmay_the_grid_octo_odd_swirl,
          minmay_the_grid_octo_thin_diamonds,
          minmay_the_grid_octo_vomiting_pacman, minmay_the_grid_octo_horde,
          minmay_the_grid_octo_tetromino_candy, minmay_the_grid_tree,
          minmay_the_grid_minigrid_small_alt, minmay_the_grid_minigrid_medium,
          minmay_the_grid_all_tris], hell_entry, pan_entry
Depths:3: wad_guarded_room, layout_gridville, grunt_mini_vestibule, abyss_entry,
          chequers_serial_rivers_room_a, serial_shops, shop, kennysheep_mini,
          infiniplex_staircase_pool_1, uniq_vv, uniq_josephina
Depths:4: grunt_zot_entry_alcove, layout_twisted_cross,
          chequers_serial_rivers_large_b, rand_demon_pan_entry_4, hell_entry,
          st_stairs_7, grunt_megastairs_4
Zot:1:    layout_cathedral_of_symmetry, basic_altar, zot_minivault_1,
          grunt_megastairs_1
Zot:2:    layout_onion_interference, lemuel_baited_zot_trap,
          grunt_ministairs_15, uniq_parghit
Zot:3:    layout_gridville
Zot:4:    layout_misc_corridors
Zot:5:    layout_twisted_circle, st_stairs_9, regret_index_zotdec_slimy_original

Notes
Turn   | Place    | Note
-------+----------+-------------------------------------------
     0 | D:1      | demibob the Troll Chaos Knight began the quest for the Orb.
     0 | D:1      | Reached XP level 1. HP: 22/22 MP: 0/0
    48 | D:1      | Reached skill level 3 in Maces & Flails
   160 | D:1      | XOM: potion effect (experience)
   160 | D:1      | Reached skill level 7 in Maces & Flails
   160 | D:1      | Reached XP level 2. HP: 29/29 MP: 1/1
   165 | D:1      | XOM: potion effect (brilliance)
   185 | D:1      | Reached XP level 3. HP: 32/36 MP: 2/2
   987 | D:1      | XOM: give mutations
   987 | D:1      | Gained mutation: You are partially covered in iridescent
                  | scales. (AC +2) [Xom's grace]
   987 | D:1      | Gained mutation: Your spells are a little harder to cast,
                  | but a little more powerful. [Xom's grace]
   987 | D:1      | Gained mutation: Your mind is acute. (Int +4, Str/Dex -1)
                  | [Xom's grace]
  1134 | D:2      | Reached XP level 4. HP: 44/44 MP: 3/3
  1463 | D:2      | Found a burning altar of Makhleb.
  1503 | D:2      | a hobgoblin changed into a glowing shapeshifter
  1503 | D:2      | Noticed a glowing shapeshifter (glowing shapeshifter)
  1503 | D:2      | XOM: polymorph hobgoblin -> glowing shapeshifter
  1503 | D:2      | a glowing shapeshifter changed into an elephant
  1503 | D:2      | Noticed an elephant (glowing shapeshifter)
  1507 | D:2      | an elephant changed into a yaktaur
  1507 | D:2      | Noticed a yaktaur (glowing shapeshifter)
  1513 | D:2      | a yaktaur changed into a manticore
  1513 | D:2      | Noticed a manticore (glowing shapeshifter)
  1516 | D:2      | a manticore changed into a sea snake
  1516 | D:2      | Noticed a sea snake (glowing shapeshifter)
  1532 | D:2      | a sea snake changed into a redback
  1532 | D:2      | Noticed a redback (glowing shapeshifter)
  1547 | D:3      | XOM: divination: detect items
  1560 | D:3      | Noticed Robin
  1575 | D:3      | Killed Robin
  1580 | D:3      | Noticed Ijyb
  1599 | D:3      | Killed Ijyb
  1600 | D:3      | Reached XP level 5. HP: 50/50 MP: 4/4
  1730 | D:3      | Noticed Natasha
  1737 | D:3      | Killed Natasha
  1741 | D:3      | Noticed Natasha
  1752 | D:3      | Killed Natasha
  1753 | D:3      | Reached skill level 8 in Maces & Flails
  2010 | D:3      | Found a faded altar of an unknown god.
  2013 | D:3      | Noticed a great orb of eyes
  2014 | D:3      | Noticed a floating eye
  2014 | D:3      | Noticed a shining eye
  2014 | D:3      | Noticed a shining eye
  2089 | D:3      | XOM: 2-stop teleportation journey
  2151 | D:3      | Noticed Natasha
  2157 | D:3      | Killed Natasha
  2168 | D:3      | Reached XP level 6. HP: 29/59 MP: 1/5
  2507 | D:4      | XOM: give mutations
  2507 | D:4      | Gained mutation: You expend magic power (3 MP) to
                  | strengthen your wands. [Xom's grace]
  2507 | D:4      | Gained mutation: You are agile. (Dex +4, Str/Int -1) [Xom's
                  | grace]
  2507 | D:4      | Gained mutation: You are mostly covered in iridescent
                  | scales. (AC +4) [Xom's grace]
  2507 | D:4      | Gained mutation: You have sharp toenails. [Xom's grace]
  2650 | D:4      | XOM: summons friendly shadow imp
  2655 | D:4      | Noticed Pikel
  2670 | D:4      | Killed Pikel
  2671 | D:4      | Reached skill level 9 in Maces & Flails
  2671 | D:4      | Reached XP level 7. HP: 66/66 MP: 4/6
  2767 | D:4      | XOM: potion effect (attraction)
  2772 | D:4      | Reached skill level 10 in Maces & Flails
  2782 | D:4      | Reached XP level 8. HP: 56/74 MP: 5/7
  2912 | D:4      | XOM: summons 3 hostile shadow creatures
  2985 | D:4      | XOM: 8-stop teleportation journey
  3422 | D:5      | Entered Level 5 of the Dungeon
  3505 | D:5      | Reached skill level 11 in Maces & Flails
  3749 | D:5      | XOM: noise
  3766 | D:5      | Found a staircase to the Ecumenical Temple.
  3767 | D:5      | Noticed Eustachio
  3776 | D:5      | XOM: divination: magic mapping
  3784 | D:5      | Killed Eustachio
  4056 | D:5      | XOM: give mutation
  4056 | D:5      | Gained mutation: You occasionally lose the ability to read
                  | scrolls when taking damage. [Xom's mischief]
  4123 | D:6      | Noticed Maggie
  4127 | D:6      | XOM: confuse monster(s)
  4133 | D:6      | Killed Maggie
  4134 | D:6      | Reached skill level 12 in Maces & Flails
  4134 | D:6      | Reached XP level 9. HP: 80/80 MP: 4/8
  4378 | D:6      | XOM: god gift: club {god gift}
  4433 | D:6      | XOM: chaos upgrade
  4456 | D:6      | Reached skill level 13 in Maces & Flails
  4639 | D:6      | XOM: enchant monster (bad)
  4652 | D:6      | XOM: summons 1 hostile demon
  4662 | D:6      | a large slime creature changed into a shapeshifter
  4662 | D:6      | XOM: polymorph large slime creature -> shapeshifter
  4665 | D:6      | Noticed a yaktaur
  4670 | D:6      | a yaktaur changed into a shapeshifter
  4671 | D:6      | a shapeshifter changed into a salamander
  4671 | D:6      | Noticed a salamander (shapeshifter)
  4675 | D:6      | XOM: enchant monster (bad)
  4679 | D:6      | XOM: confusion
  4687 | D:7      | XOM: fog
  5035 | D:7      | Noticed Menkaure
  5046 | D:7      | Killed Menkaure
  5047 | D:7      | Reached XP level 10. HP: 23/88 MP: 9/9
  5062 | D:7      | XOM: 1-stop teleportation journey
  5088 | D:7      | XOM: scenery: create altars
  5235 | D:7      | XOM: god gift: 3 javelins
  5250 | D:7      | Noticed a deep elf pyromancer
  5255 | D:7      | Killed a deep elf pyromancer
  5256 | D:7      | Reached skill level 14 in Maces & Flails
  5266 | D:7      | XOM: 2-stop teleportation journey
  5328 | D:7      | XOM: polymorph killer bee -> swamp drake
  5468 | D:7      | Identified a +0 robe of resistance
  5491 | D:7      | XOM: summons 6 hostile demons
  5504 | D:7      | XOM: silly message
  5522 | D:8      | XOM: enchant monster (bad)
  5684 | D:7      | XOM: confusion
  5807 | D:7      | XOM: give mutations
  5807 | D:7      | Lost mutation: You occasionally lose the ability to read
                  | scrolls when taking damage. [Xom's mischief]
  5807 | D:7      | Gained mutation: You are strong-willed. (Will+) [Xom's
                  | mischief]
  6002 | D:8      | Found a burning altar of Makhleb.
  6097 | D:8      | Reached skill level 15 in Maces & Flails
  6116 | D:8      | Found the +18 Lear's hauberk
  6127 | D:8      | Found a staircase to the Lair.
  6307 | D:8      | XOM: cleaving
  6328 | D:8      | XOM: summons 3 friendly demons
  6335 | D:8      | XOM: confuse monster(s)
  6375 | D:8      | You fall into a shaft and drop 3 floors!
  6389 | D:11     | Noticed Nergalle
  6395 | D:11     | XOM: cleaving
  6398 | D:11     | XOM: cleaving
  6404 | D:11     | Killed Nergalle
  6485 | D:11     | Identified the +2 robe "Gedibrug" {rN+ Dex+3}
  6490 | D:11     | Noticed Snorg
  6495 | D:11     | XOM: divine lightning
  6502 | D:11     | Snorg changed into Snorg the raiju
  6502 | D:11     | Noticed Snorg
  6502 | D:11     | XOM: polymorph Snorg -> Snorg the raiju
  6505 | D:11     | Killed Snorg the raiju
  6683 | D:10     | Entered Level 10 of the Dungeon
  6683 | D:10     | Noticed a two-headed ogre
  6692 | D:10     | Killed a two-headed ogre
  6693 | D:10     | Reached XP level 11. HP: 75/94 MP: 10/10
  6799 | D:9      | XOM: fog
  6805 | D:9      | XOM: give mutation
  6805 | D:9      | Gained mutation: Your movements are slightly less
                  | encumbered by armour. (ER -2) [Xom's grace]
  6807 | D:9      | Reached skill level 16 in Maces & Flails
  6833 | D:9      | XOM: 4-stop teleportation journey
  6878 | D:9      | XOM: 1-stop teleportation journey
  6887 | D:9      | Identified the ring "Wiaxufam" {rF+ SInv}
  6903 | D:8      | XOM: cleaving
  6917 | D:8      | XOM: scenery: create altars
  6923 | D:8      | XOM: confuse monster(s)
  6956 | D:8      | Found a glowing silver altar of Zin.
  7024 | D:8      | XOM: 2-stop teleportation journey
  7031 | D:8      | XOM: confuse monster(s)
  7592 | D:8      | Found a stormy altar of Qazlal.
  7661 | D:8      | Found an opulent altar of Gozag.
  7775 | Lair:1   | Entered Level 1 of the Lair of Beasts
  7835 | D:9      | XOM: cast spell 'Summon Mana Viper'
  7841 | D:9      | Reached skill level 17 in Maces & Flails
  7898 | D:9      | Found a one-way gate to the infinite horrors of the Abyss.
  7898 | D:9      | Noticed lunkers's ghost (journeyman MeSh)
  7913 | D:9      | Noticed a red very ugly thing
  7913 | D:9      | Noticed a green ugly thing
  7937 | D:9      | Found a transporter.
  7971 | D:9      | Found a transporter.
  7989 | D:9      | Found a blossoming altar of Fedhas.
  8023 | D:9      | Noticed Erica
  8023 | D:9      | Noticed Harold
  8030 | D:9      | XOM: confuse monster(s)
  8032 | D:9      | Killed Erica
  8039 | D:9      | Killed Harold
  8099 | D:9      | XOM: 1-stop teleportation journey
  8383 | D:9      | XOM: give mutations
  8383 | D:9      | Lost mutation: You are mostly covered in iridescent scales.
                  | (AC +4) [Xom's mischief]
  8383 | D:9      | Gained mutation: You have hidden genetic potential. [Xom's
                  | mischief]
  8383 | D:9      | Lost mutation: You have sharp toenails. [Xom's mischief]
  8451 | D:10     | XOM: enchant monster (bad)
  8489 | D:10     | XOM: fake destruction
  8590 | D:10     | Found Zumyed's Tiny Tomes.
  8620 | D:10     | XOM: confuse monster(s)
  8635 | D:10     | XOM: god gift: 5 stones
  8689 | D:10     | Paralysed by a hornet for 2 turns
  8696 | D:10     | XOM: god gift: glowing mace {god gift}
  8884 | D:10     | XOM: give mutation
  8884 | D:10     | Gained mutation: You possess an exceptional clarity of
                  | mind. [Xom's grace]
  8937 | D:10     | Found a faded altar of an unknown god.
  8937 | D:10     | Found a bloodstained altar of Trog.
  8945 | D:10     | Found a broken altar of Ashenzari.
  8947 | D:10     | Found a faded altar of an unknown god.
  8949 | D:10     | Found a radiant altar of Vehumet.
  9025 | D:10     | Upgraded the game from 0.31-a0-931-g7b59d4eb97 to
                  | 0.31-a0-940-gdaa99269f9
  9047 | D:10     | XOM: give mutations
  9047 | D:10     | Gained mutation: You are mostly covered in iridescent
                  | scales. (AC +4) [Xom's grace]
  9047 | D:10     | Gained mutation: You have a pair of small horns on your
                  | head. [Xom's grace]
  9047 | D:10     | Gained mutation: You are completely covered in iridescent
                  | scales. (AC +6) [Xom's grace]
  9063 | D:11     | Found Jeariun's Jewellery Emporium.
  9067 | D:11     | Bought a +5 ring of evasion for 612 gold pieces
  9100 | D:11     | XOM: divination: detect items
  9104 | D:11     | Noticed a soul eater
  9112 | D:11     | XOM: confuse monster(s)
  9128 | D:11     | XOM: divination: detect items
  9128 | D:11     | Noticed a sixfirhy
  9136 | D:11     | XOM: confuse monster(s)
  9137 | D:11     | XOM: divination: magic mapping
  9155 | D:11     | XOM: cast spell 'Summon Mana Viper'
  9235 | D:11     | Reached XP level 12. HP: 104/104 MP: 11/11
  9413 | D:11     | XOM: cloud trail
  9504 | D:12     | Reached skill level 18 in Maces & Flails
  9510 | D:12     | Noticed a two-headed ogre
  9511 | D:12     | a two-headed ogre changed into a glowing shapeshifter
  9511 | D:12     | XOM: polymorph two-headed ogre -> glowing shapeshifter
  9542 | D:12     | XOM: blink monster(s)
  9564 | D:12     | Identified the amulet of Minimn {Reflect rC+ SH+5}
  9596 | D:12     | XOM: stat loss: -1 Dex (15/16)
  9612 | D:12     | Noticed a two-headed ogre
  9612 | D:12     | XOM: summons friendly crimson imp
  9616 | D:12     | XOM: scenery: create altars
  9619 | D:12     | Killed a two-headed ogre
  9715 | D:12     | Noticed a tengu warrior
  9715 | D:12     | Noticed a tengu warrior
  9722 | D:12     | Killed a tengu warrior
  9723 | D:12     | Killed a tengu warrior
  9770 | D:12     | XOM: 3-stop teleportation journey
  9849 | D:12     | XOM: summons friendly white imp
  9902 | D:12     | XOM: enchant monster (good)
 10019 | D:12     | XOM: 1-stop teleportation journey
 10021 | D:12     | XOM: 1-stop teleportation journey
 10061 | D:12     | XOM: 2-stop teleportation journey
 10094 | D:12     | XOM: noise
 10129 | D:12     | Found a staircase to the Orcish Mines.
 10241 | D:12     | XOM: 2-stop teleportation journey
 10389 | D:12     | XOM: silly message
 10399 | D:12     | XOM: potion effect (might)
 10403 | D:12     | Reached skill level 19 in Maces & Flails
 10404 | D:12     | Gained mutation: A frigid envelope surrounds you and
                  | freezes all who hurt you. [hidden potential]
 10460 | D:12     | Found a glowing golden altar of the Shining One.
 10602 | D:13     | Noticed a boulder beetle
 10602 | D:13     | XOM: noise
 10611 | D:13     | Killed a boulder beetle
 10648 | D:13     | Noticed a boulder beetle
 10652 | D:13     | XOM: potion effect (curing)
 10656 | D:13     | Killed a boulder beetle
 10659 | D:13     | Noticed a centaur warrior
 10660 | D:13     | XOM: potion effect (berserk rage)
 10663 | D:13     | Killed a centaur warrior
 10853 | D:13     | XOM: silly message
 10876 | D:13     | Noticed a centaur warrior
 10883 | D:13     | Killed a centaur warrior
 10888 | D:13     | Noticed a vault guard
 10888 | D:13     | XOM: potion effect (brilliance)
 10981 | D:13     | XOM: summons friendly white imp
 11097 | D:11     | XOM: summons 1 hostile shadow creature
 11105 | D:11     | XOM: divination: detect creatures
 11206 | Lair:1   | XOM: polymorph komodo dragon -> shapeshifter
 11216 | Lair:1   | XOM: cast spell 'Discord'
 11223 | Lair:1   | XOM: potion effect (brilliance)
 11228 | Lair:1   | Reached XP level 13. HP: 63/110 MP: 12/12
 11286 | Lair:1   | Reached skill level 20 in Maces & Flails
 11332 | Lair:1   | XOM: fog
 11471 | Lair:1   | XOM: summons friendly crimson imp
 11477 | Lair:1   | XOM: cleaving
 11482 | Lair:1   | XOM: fog
 11667 | Lair:1   | XOM: polymorph komodo dragon -> wind drake
 11679 | Lair:1   | XOM: potion effect (brilliance)
 11984 | Lair:1   | XOM: 2-stop teleportation journey
 12075 | Lair:1   | XOM: silly message
 12136 | Lair:1   | XOM: noise
 12382 | Lair:2   | XOM: 2-stop teleportation journey
 12429 | Lair:2   | XOM: cleaving
 12431 | Lair:2   | Reached skill level 1 in Armour
 12538 | Lair:2   | XOM: enchant monster (good)
 12540 | Lair:2   | Reached skill level 3 in Fighting
 12548 | Lair:2   | XOM: confuse monster(s)
 12573 | Lair:2   | XOM: 1-stop teleportation journey
 12612 | Lair:2   | Gained mutation: Your spells are harder to cast, but more
                  | powerful. [hidden potential]
 12612 | Lair:2   | Lost mutation: You have hidden genetic potential. [hidden
                  | potential expressed]
 12643 | Lair:2   | Found a staircase to the Swamp.
 12681 | Lair:2   | XOM: blink monster(s)
 12753 | Lair:2   | XOM: blink monster(s)
 12763 | Lair:2   | Reached skill level 2 in Armour
 12766 | Lair:2   | XOM: summons 7 hostile demons
 12777 | Lair:2   | XOM: 2-stop teleportation journey
 12933 | Lair:2   | XOM: cleaving
 13010 | Lair:2   | XOM: stat loss: -1 Dex (15/16)
 13069 | Lair:2   | Found a dark tunnel.
 13076 | Volcano  | Entered a volcano
 13082 | Volcano  | XOM: 3-stop teleportation journey
 13098 | Volcano  | XOM: smoke on damage
 13306 | Lair:2   | XOM: scenery: create altars
 13412 | Lair:3   | Found a hole to the Spider Nest.
 13470 | Lair:3   | Reached skill level 4 in Fighting
 13470 | Lair:3   | Reached skill level 3 in Armour
 13506 | Lair:3   | XOM: summons 8 friendly demons
 13704 | Lair:3   | XOM: give mutations
 13704 | Lair:3   | Gained mutation: You are highly strong-willed. (Will++)
                  | [Xom's grace]
 13704 | Lair:3   | Gained mutation: You are robust. (+10% HP) [Xom's grace]
 13704 | Lair:3   | Gained mutation: Your flesh is heat resistant. (rF+) [Xom's
                  | grace]
 13704 | Lair:3   | Gained mutation: You are covered in thick fur. (AC +2)
                  | [Xom's grace]
 13711 | Lair:3   | XOM: summons friendly iron imp
 13713 | Lair:3   | XOM: cast spell 'Chain of Chaos'
 13715 | Lair:3   | XOM: cleaving
 13731 | Lair:3   | Noticed Kirke
 13732 | Lair:3   | XOM: enchant monster (good)
 13743 | Lair:3   | Killed Kirke
 13744 | Lair:3   | Reached skill level 5 in Fighting
 13744 | Lair:3   | Reached skill level 4 in Armour
 14054 | Lair:3   | XOM: god gift: 3 javelins
 14184 | Lair:4   | XOM: enchant monster (good)
 14266 | Lair:4   | XOM: 9-stop teleportation journey
 14359 | Lair:4   | XOM is BORED!
 14359 | Lair:4   | XOM: give mutations
 14359 | Lair:4   | Lost mutation: Your movements are slightly less encumbered
                  | by armour. (ER -2) [Xom's mischief]
 14359 | Lair:4   | Lost mutation: You are highly strong-willed. (Will++)
                  | [Xom's mischief]
 14359 | Lair:4   | Lost mutation: You have a pair of small horns on your head.
                  | [Xom's mischief]
 14381 | Lair:4   | XOM: noise
 14398 | Lair:4   | Identified a scroll of acquirement
 14407 | Lair:4   | Acquired the ring "Daqienu" {rPois AC+4 Str+4}
 14452 | Lair:4   | XOM: silly message
 14732 | Lair:4   | XOM: summons friendly white imp
 14763 | Lair:4   | XOM: noise
 14769 | Lair:4   | Reached XP level 14. HP: 132/139 MP: 13/13
 14839 | Lair:4   | Reached skill level 5 in Armour
 15051 | Lair:5   | Entered Level 5 of the Lair of Beasts
 15053 | Lair:5   | XOM: enchant monster (good)
 15140 | Lair:5   | XOM: divine lightning
 15154 | Lair:5   | Reached skill level 6 in Fighting
 15154 | Lair:5   | Reached skill level 21 in Maces & Flails
 15276 | Lair:5   | XOM: smoke on damage
 15276 | Lair:5   | XOM: torment (72/143 hp)
 15338 | Lair:5   | XOM: silly message
 15382 | Lair:5   | XOM: swap monsters
 15385 | Lair:5   | XOM: smoke on damage
 15393 | Lair:5   | XOM: silly message
 15394 | Lair:5   | XOM: noise
 15401 | Lair:5   | XOM: cast spell 'Summon Mana Viper'
 15418 | Lair:5   | XOM: 3-stop teleportation journey
 15449 | Lair:5   | Reached skill level 6 in Armour
 15573 | Lair:5   | Reached skill level 7 in Fighting
 15582 | Lair:5   | XOM: god gift: potion of might
 15592 | Lair:5   | XOM: give mutations
 15592 | Lair:5   | Gained mutation: Your flesh is cold resistant. (rC+) [Xom's
                  | grace]
 15592 | Lair:5   | Gained mutation: Your flesh is very cold resistant. (rC++)
                  | [Xom's grace]
 15609 | Lair:5   | Found a viscous altar of Jiyva.
 15611 | Lair:5   | Found a staircase to the Slime Pits.
 15632 | Lair:5   | XOM: give mutations
 15632 | Lair:5   | Gained mutation: You are very robust. (+20% HP) [Xom's
                  | grace]
 15632 | Lair:5   | Gained mutation: Your flesh is very heat resistant. (rF++)
                  | [Xom's grace]
 15714 | Lair:5   | XOM: 2-stop teleportation journey
 15749 | Lair:5   | XOM: fog
 15784 | Lair:5   | Found the +4 skin of Zhor {*Englaciate rC+++ SInv}
 15786 | Lair:5   | XOM: god gift: 43 gold pieces
 16177 | Lair:5   | XOM: scenery: summon butterflies
 16178 | Lair:5   | XOM: fog
 16195 | Lair:5   | XOM: scenery: create altars
 16547 | D:11     | XOM: give mutations
 16547 | D:11     | Gained mutation: You have large cloven feet. [Xom's grace]
 16547 | D:11     | Gained mutation: Your skin changes colour to match your
                  | surroundings (Stealth+). [Xom's grace]
 16610 | Orc:1    | Entered Level 1 of the Orcish Mines
 16610 | Orc:1    | Found Qoph's Assorted Antiques.
 16614 | Orc:1    | Noticed Maurice
 16626 | D:12     | XOM: polymorph orc warrior -> scorpion
 16696 | Orc:1    | Bought a potion of curing for 90 gold pieces
 16703 | Orc:1    | Killed Maurice
 16820 | Orc:2    | Entered Level 2 of the Orcish Mines
 16827 | Orc:2    | Reached skill level 2 in Dodging
 16833 | Orc:2    | XOM: god gift: +6 ring of dexterity
 16836 | Orc:2    | Found a staircase to the Elven Halls.
 16849 | Orc:2    | Found a gate leading to a gauntlet.
 16861 | Gauntlet | Entered a Gauntlet
 16861 | Gauntlet | Found a transporter.
 16891 | Gauntlet | Found a transporter.
 16902 | Gauntlet | Found a transporter.
 16907 | Gauntlet | Found a transporter.
 16922 | Gauntlet | Found a transporter.
 16932 | Gauntlet | Noticed a balrug
 16944 | Gauntlet | Found a transporter.
 16953 | Gauntlet | Found a transporter.
 16965 | Gauntlet | Found a transporter.
 16977 | Gauntlet | Found a transporter.
 16989 | Gauntlet | Found a transporter.
 17008 | Gauntlet | Found a transporter.
 17023 | Gauntlet | Found a transporter.
 17025 | Gauntlet | Found a transporter.
 17058 | Gauntlet | Found a transporter.
 17060 | Gauntlet | Found a transporter.
 17080 | Gauntlet | Found a transporter.
 17158 | Gauntlet | Found a transporter.
 17253 | Gauntlet | Found a transporter.
 17263 | Gauntlet | XOM: scenery: summon butterflies
 17297 | Gauntlet | XOM: blink monster(s)
 17380 | Gauntlet | Identified the ring of the Amoeba {Fly rPois rC+ Dex-5}
 17389 | Gauntlet | Acquired a +1 hat of willpower
 17415 | Gauntlet | XOM: scenery: create altars
 17451 | Gauntlet | XOM: divination: detect creatures
 17570 | Orc:2    | Reached skill level 3 in Dodging
 17570 | Orc:2    | Reached XP level 15. HP: 164/171 MP: 12/14
 17596 | Orc:2    | Reached skill level 8 in Fighting
 17638 | Orc:2    | XOM: enchant monster (good)
 17814 | Orc:2    | XOM: god gift: 18 gold pieces
 17868 | Orc:2    | Found Naikiex's Self-Improvement Boutique.
 18375 | Orc:2    | Found Emusuqyho's Distillery.
 18380 | Orc:2    | Found Ugivaj's Book Boutique.
 18387 | Orc:2    | Found Uteuhaca's Assorted Antiques.
 18389 | Orc:2    | Found Bafoy's Armour Emporium.
 18395 | Orc:2    | Bought a scroll of enchant weapon for 225 gold pieces
 18395 | Orc:2    | Bought a pitted brass ring for 150 gold pieces
 18395 | Orc:2    | Identified the ring "Datein" {rPois EV+5 Str+5 Dex-2} (You
                  | bought it in a shop on level 2 of the Orcish Mines)
 18427 | Orc:2    | Bought a potion of heal wounds for 150 gold pieces
 18427 | Orc:2    | Bought a scroll of teleportation for 90 gold pieces
 18452 | Orc:2    | XOM: summons friendly crimson imp
 18479 | Orc:2    | XOM: polymorph crimson imp -> cerulean imp
 18579 | Orc:2    | XOM: divination: detect creatures
 18581 | Orc:2    | XOM: give mutations
 18581 | Orc:2    | Gained mutation: Your flesh is almost immune to the effects
                  | of heat. (rF+++) [Xom's grace]
 18581 | Orc:2    | Gained mutation: Your flesh is almost immune to the effects
                  | of cold. (rC+++) [Xom's grace]
 18581 | Orc:2    | Gained mutation: You heal very quickly. [Xom's grace]
 18595 | Orc:1    | Reached skill level 4 in Dodging
 18748 | Orc:1    | XOM: scenery: summon butterflies
 18942 | D:13     | Found a gate to the Vaults.
 19016 | D:13     | Found a portal to a secret trove of treasure.
 19127 | Trove    | Entered a treasure trove
 19127 | Trove    | Found the ring of the Tortoise {AC+8}
 19131 | Trove    | XOM: noise
 19132 | Trove    | Identified the ring "Awkiwaut" {Ice +Blink Int-4 Dex+3
                  | Stlth+}
 19137 | Trove    | Identified the ring of the Everdark {rF+ Int+7 Dex-2}
 19144 | Trove    | Identified the ring "Jega" {rC+ AC+4 Str+3}
 19149 | Trove    | Identified the ring "Nufauh" {Ice Dex+3}
 19153 | Trove    | Identified the ring of Internal Strife {rF+ rN+ Will+ AC+4
                  | Dex-4}
 19171 | Trove    | Identified the ring of the Okapi {Ice rN+ Stlth+}
 19181 | D:13     | XOM: summons 7 hostile demons
 19280 | D:12     | XOM: give mutations
 19280 | D:12     | Lost mutation: A frigid envelope surrounds you and freezes
                  | all who hurt you. [Xom's mischief]
 19280 | D:12     | Lost mutation: You possess an exceptional clarity of mind.
                  | [Xom's mischief]
 19280 | D:12     | Lost mutation: Your mind is acute. (Int +4, Str/Dex -1)
                  | [Xom's mischief]
 19280 | D:12     | Lost mutation: You heal very quickly. [Xom's mischief]
 19345 | Orc:2    | Bought a manual of Dodging for 1040 gold pieces
 19675 | D:13     | XOM: summons friendly shadow imp
 19948 | D:14     | Found a corrupted altar of Lugonu.
 20029 | D:14     | XOM: swap monsters
 20365 | D:14     | XOM: silly message
 20432 | D:15     | Entered Level 15 of the Dungeon
 20472 | D:15     | Reached skill level 1 in Invocations
 20579 | D:15     | Reached skill level 2 in Invocations
 20590 | D:15     | Reached skill level 5 in Dodging
 20609 | D:15     | Noticed a fire giant
 20613 | D:15     | XOM: potion effect (might)
 20619 | D:15     | Killed a fire giant
 20634 | D:15     | Found a staircase to the Depths.
 20660 | D:15     | Reached skill level 3 in Invocations
 20684 | D:15     | XOM: potion effect (curing)
 20828 | D:15     | XOM: potion effect (attraction)
 20830 | D:15     | Reached skill level 9 in Fighting
 20840 | D:15     | XOM: silly message
 20848 | D:15     | Reached skill level 4 in Invocations
 20893 | D:15     | Reached skill level 6 in Dodging
 21039 | D:15     | XOM: potion effect (brilliance)
 21248 | D:15     | XOM: silly message
 21306 | D:15     | XOM: divination: magic mapping
 21784 | Spider:1 | Entered Level 1 of the Spider Nest
 21818 | Spider:1 | XOM: give mutations
 21818 | Spider:1 | Gained mutation: You passively map a small area around you.
                  | [Xom's grace]
 21818 | Spider:1 | Gained mutation: Your mind is acute. (Int +4, Str/Dex -1)
                  | [Xom's grace]
 21880 | Spider:1 | Reached skill level 22 in Maces & Flails
 21911 | Spider:1 | XOM: cleaving
 21913 | Spider:1 | XOM: cast spell 'Summon Ice Beast'
 21921 | Spider:1 | Reached skill level 5 in Invocations
 21998 | Spider:1 | XOM: summons 2 friendly demons
 22002 | Spider:1 | XOM: summons friendly ufetubus
 22042 | Spider:1 | XOM: cast spell 'Metabolic Englaciation'
 22164 | Spider:1 | XOM: god gift: +4 giant spiked club of chaos
 22204 | Spider:1 | XOM: polymorph redback -> manticore
 22207 | Spider:1 | Reached skill level 7 in Dodging
 22213 | Spider:1 | XOM: scenery: summon butterflies
 22225 | Spider:1 | XOM: summons 2 hostile shadow creatures
 22226 | Spider:1 | Reached skill level 6 in Invocations
 22251 | Spider:1 | XOM: 2-stop teleportation journey
 22370 | Spider:1 | Noticed an emperor scorpion
 22378 | Spider:1 | Killed an emperor scorpion
 23108 | Spider:1 | Reached XP level 16. HP: 157/188 MP: 0/20
 23354 | Spider:1 | XOM: give mutations
 23354 | Spider:1 | Gained mutation: Your spells are much harder to cast, but
                  | much more powerful. [Xom's grace]
 23354 | Spider:1 | Gained mutation: You are very agile. (Dex +8, Str/Int -2)
                  | [Xom's grace]
 23377 | Spider:2 | Reached skill level 7 in Invocations
 23401 | Spider:2 | Reached skill level 8 in Dodging
 23411 | Spider:2 | XOM: divination: detect creatures
 23513 | Spider:2 | XOM: cast spell 'Summon Small Mammal'
 23519 | Spider:2 | XOM: potion effect (berserk rage)
 23521 | Spider:2 | Reached skill level 10 in Fighting
 23524 | Spider:2 | XOM: enchant monster (bad)
 23525 | Spider:2 | XOM: confuse monster(s)
 23526 | Spider:2 | XOM: divination: detect items
 23537 | Spider:2 | Reached skill level 8 in Invocations
 23559 | Spider:2 | XOM: potion effect (attraction)
 23575 | Spider:2 | Reached skill level 9 in Dodging
 23606 | Spider:2 | XOM: summons 3 friendly demons
 24198 | Spider:3 | XOM: cast spell 'Summon Cactus Giant'
 24201 | Spider:3 | Reached skill level 9 in Invocations
 24225 | Spider:3 | XOM: confuse monster(s)
 24242 | Spider:3 | XOM: confusion
 24433 | Spider:3 | XOM: silly message
 24453 | Spider:3 | Reached skill level 10 in Dodging
 24486 | Spider:3 | XOM: confuse monster(s)
 24523 | Spider:3 | XOM: give mutations
 24523 | Spider:3 | Lost mutation: Your flesh is almost immune to the effects
                  | of heat. (rF+++) [Xom's mischief]
 24523 | Spider:3 | Lost mutation: You have large cloven feet. [Xom's mischief]
 24523 | Spider:3 | Lost mutation: Your spells are much harder to cast, but
                  | much more powerful. [Xom's mischief]
 24626 | Spider:3 | XOM: divination: magic mapping
 24890 | Spider:3 | Reached skill level 10 in Invocations
 24903 | Spider:3 | XOM: enchant monster (good)
 24934 | Spider:3 | Noticed Nikola
 24952 | Spider:3 | Killed Nikola
 25070 | Spider:3 | XOM: cleaving
 25537 | Spider:4 | XOM: noise
 25537 | Spider:4 | Entered Level 4 of the Spider Nest
 25537 | Spider:4 | Noticed olddryhag's ghost (adept DsGl)
 25538 | Spider:4 | Found a runed translucent door.
 25579 | Spider:4 | XOM: fog
 25589 | Spider:4 | XOM: swap monsters
 25596 | Spider:4 | Reached skill level 11 in Fighting
 25655 | Spider:4 | XOM: confuse monster(s)
 25740 | Spider:4 | XOM: cloud trail
 25849 | Spider:4 | Reached skill level 11 in Dodging
 25896 | Spider:4 | Reached skill level 11 in Invocations
 25899 | Spider:4 | XOM: cast spell 'Summon Cactus Giant'
 25904 | Spider:4 | XOM: scenery: summon butterflies
 25942 | Spider:4 | Reached XP level 17. HP: 187/204 MP: 24/24
 26139 | Spider:4 | XOM: scenery: summon butterflies
 26485 | Spider:4 | Reached skill level 12 in Dodging
 26504 | Spider:4 | XOM: destruction
 26524 | Spider:4 | XOM: confuse monster(s)
 26527 | Spider:4 | XOM: enchant monster (good)
 26689 | Spider:4 | Reached skill level 12 in Fighting
 26819 | Spider:4 | Got a gossamer rune of Zot
 26875 | Spider:4 | XOM: cleaving
 27015 | Spider:4 | Identified a potion of experience
 27024 | Spider:3 | Reached XP level 18. HP: 220/220 MP: 25/25
 27359 | Vaults:1 | Entered Level 1 of the Vaults
 27369 | Vaults:1 | Noticed Aizul
 27371 | Vaults:1 | XOM: give mutation
 27371 | Vaults:1 | Gained mutation: You have a somewhat thin skeletal
                  | structure. (Dex +2, Stealth+) [Xom's grace]
 27378 | Vaults:1 | Killed Aizul
 27545 | Vaults:1 | XOM: silly message
 27546 | Vaults:1 | Reached skill level 13 in Fighting
 27596 | Vaults:1 | XOM: silly message
 27611 | Vaults:1 | XOM: swap monsters
 27774 | Vaults:1 | XOM: silly message
 27863 | Vaults:1 | XOM: summons 3 hostile shadow creatures
 28146 | Vaults:1 | XOM: silly message
 28268 | Vaults:1 | XOM: chaos cloud
 28278 | Vaults:1 | Reached skill level 14 in Fighting
 28279 | Vaults:1 | XOM: confuse monster(s)
 28455 | Vaults:1 | XOM: potion effect (attraction)
 28599 | Vaults:1 | XOM: cast spell 'Summon Ice Beast'
 28835 | Vaults:1 | Found Imystrixt's Antique Weapon Shop.
 28893 | Vaults:1 | XOM: noise
 28899 | Vaults:1 | XOM: potion effect (brilliance)
 29322 | Vaults:2 | XOM: cleaving
 29334 | Vaults:2 | XOM: scenery: 3 doors open, 1 doors close
 29335 | Vaults:2 | Noticed an ancient lich
 29352 | Vaults:2 | Killed an ancient lich
 29353 | Vaults:2 | Reached skill level 15 in Fighting
 29370 | Vaults:2 | XOM: fog
 29387 | Vaults:2 | Reached XP level 19. HP: 241/241 MP: 26/26
 29443 | Vaults:2 | XOM: divine lightning
 29504 | Vaults:2 | XOM: 7-stop teleportation journey
 29542 | Vaults:2 | XOM: divination: detect creatures
 29773 | Vaults:2 | XOM: fog
 29860 | Vaults:2 | Reached skill level 16 in Fighting
 29861 | Vaults:2 | XOM: summons 11 friendly demons
 29913 | Vaults:2 | XOM: scenery: 2 doors open
 30137 | Vaults:2 | XOM: confusion (+ monsters)
 30142 | Vaults:2 | XOM: polymorph vault sentinel -> mana viper
 30304 | Vaults:2 | XOM: stat loss: -1 Str (25/26)
 30351 | Vaults:2 | Noticed Zenata
 30364 | Vaults:2 | Killed Zenata
 30386 | Vaults:2 | Noticed Boris
 30406 | Vaults:2 | Killed Boris
 30410 | Vaults:2 | XOM: summons 8 hostile demons
 30532 | Vaults:2 | Reached skill level 17 in Fighting
 30659 | Vaults:3 | XOM: chaos upgrade
 30758 | Vaults:3 | Found a staircase to the Crypt.
 30758 | Vaults:3 | Found an ancient bone altar of Kikubaaqudgha.
 30759 | Vaults:3 | Found a basalt altar of Yredelemnul.
 30770 | Vaults:3 | XOM: enchant monster (bad)
 30783 | Vaults:3 | XOM: scenery: 1 doors open
 30796 | Vaults:3 | XOM: give mutation
 30796 | Vaults:3 | Lost mutation: Your mind is acute. (Int +4, Str/Dex -1)
                  | [Xom's mischief]
 30943 | Vaults:3 | XOM: silly message
 30945 | Vaults:3 | XOM: confuse monster(s)
 30946 | Vaults:3 | XOM: blink monster(s)
 31074 | Vaults:3 | XOM: scenery: 4 doors open
 31134 | Vaults:3 | XOM: stat loss: -1 Str (26/27)
 31169 | Vaults:3 | Noticed Norris
 31176 | Vaults:3 | XOM: cast spell 'Metabolic Englaciation'
 31180 | Vaults:3 | Killed Norris
 31196 | Vaults:3 | Reached skill level 18 in Fighting
 31349 | Vaults:3 | XOM: cleaving
 31372 | Vaults:3 | XOM: scenery: 1 doors close
 31379 | Vaults:3 | Reached XP level 20. HP: 246/267 MP: 27/27
 31498 | Vaults:3 | XOM: summons 5 friendly demons
 31499 | Vaults:3 | XOM: summons friendly shadow imp
 31502 | Vaults:3 | Identified the +7 dagger "Qecegiti" {heavy, Dex+8}
 31533 | Vaults:3 | XOM: 1-stop teleportation journey
 31659 | Vaults:3 | XOM: 4-stop teleportation journey
 32013 | Vaults:3 | XOM: enchant monster (bad)
 32047 | Vaults:3 | XOM: stat loss: -1 Int (5/6)
 32159 | D:13     | XOM: god gift: 3 atropa-tipped darts
 32280 | Orc:2    | Bought a manual of Armour for 1040 gold pieces
 32329 | Desolati | Identified the "Lut Bat"
 32329 | Crypt:3  | Identified the "Anek"
 32329 | Depths:2 | Identified the "Kiapeiwk"
 32329 | Elf:1    | Entered Level 1 of the Elven Halls
 32336 | Elf:1    | XOM: god gift: 9 stones
 32369 | Elf:1    | Reached skill level 7 in Armour
 32526 | Elf:1    | Paralysed by an air elemental for 1 turns
 32580 | Elf:1    | XOM: divination: detect creatures
 32625 | Elf:1    | XOM: fog
 32626 | Elf:1    | Reached skill level 19 in Fighting
 32667 | Elf:1    | Reached skill level 8 in Armour
 32678 | Elf:1    | XOM: scenery: summon butterflies
 32737 | Elf:1    | XOM: summons 7 friendly demons
 32751 | Elf:1    | XOM: enchant monster (good)
 32765 | Elf:1    | XOM: divine lightning
 32887 | Elf:1    | XOM: scenery: summon butterflies
 33158 | Elf:1    | XOM: confuse monster(s)
 33382 | Elf:1    | XOM: silly message
 33484 | Elf:1    | Reached skill level 9 in Armour
 33522 | Elf:1    | XOM: silly message
 33613 | Elf:1    | XOM: divination: detect items
 33645 | Elf:1    | Acquired a +7 spectral giant spiked club
 33789 | WizLab   | Identified the "Irabrahe"
 33789 | WizLab   | Identified the "Famnor"
 33790 | Elf:2    | XOM: silly message
 33796 | Elf:2    | Reached skill level 10 in Armour
 33812 | Elf:2    | XOM: scenery: 1 doors open
 33858 | Elf:2    | XOM: cast spell 'Summon Cactus Giant'
 33862 | Elf:2    | Found Wankoips's Elven Fire.
 33871 | Elf:2    | XOM: snakes to sticks
 33922 | Elf:2    | Found a magical portal.
 33927 | WizLab   | Entered The Roulette of Golubria
 33927 | WizLab   | Found a transporter.
 33930 | WizLab   | Found the +1 cloak of Starlight {*Dazzle EV+4 Stlth--}
 33930 | WizLab   | Found a corrupted altar of Lugonu.
 33948 | WizLab   | Paralysed by an air elemental for 1 turns
 33958 | WizLab   | Found a transporter.
 34023 | WizLab   | Found a corrupted altar of Lugonu.
 34089 | WizLab   | Found a transporter.
 34106 | WizLab   | Found a transporter.
 34135 | WizLab   | XOM: god gift: 5 stones
 34138 | WizLab   | Found a transporter.
 34174 | WizLab   | Found a transporter.
 34174 | WizLab   | Found a transporter.
 34195 | WizLab   | Found a transporter.
 34195 | WizLab   | Found a transporter.
 34210 | WizLab   | XOM: god gift: 8 stones
 34219 | WizLab   | Found a transporter.
 34219 | WizLab   | Found a transporter.
 34230 | WizLab   | Reached skill level 11 in Armour
 34246 | WizLab   | Found a transporter.
 34250 | WizLab   | Found a transporter.
 34250 | WizLab   | Found a transporter.
 34268 | WizLab   | Found a transporter.
 34268 | WizLab   | Found a transporter.
 34268 | WizLab   | XOM: 1-stop teleportation journey
 34275 | WizLab   | XOM: give mutations
 34275 | WizLab   | Lost mutation: You are covered in thick fur. (AC +2) [Xom's
                  | mischief]
 34275 | WizLab   | Lost mutation: You passively map a small area around you.
                  | [Xom's mischief]
 34317 | WizLab   | Found a transporter.
 34317 | WizLab   | Found a transporter.
 34321 | WizLab   | Identified the +0 cloak "Qilleihi" {-Tele rPois Will+++
                  | Str-3}
 34342 | Elf:2    | XOM: summons 2 hostile shadow creatures
 34387 | Elf:2    | Found Fepul's Book Shop.
 34388 | Elf:2    | Found Acuru's Jewellery Emporium.
 34388 | Elf:2    | Found Vokic's Jewellery Emporium.
 34425 | Elf:3    | Identified the "Yhyal"
 34425 | Elf:3    | Identified the of Kereuff
 34425 | Elf:3    | Identified the "Qatucisa"
 34425 | Elf:3    | Identified the "Lusech"
 34425 | Elf:3    | Entered Level 3 of the Elven Halls
 34426 | Elf:3    | Upgraded the game from 0.31-a0-940-gdaa99269f9 to
                  | 0.31-a0-949-g57150269e1
 34441 | Elf:3    | XOM: confuse monster(s)
 34630 | Elf:3    | XOM: 1-stop teleportation journey
 34753 | Elf:3    | Found Beymuef's Armour Emporium.
 34999 | Elf:3    | XOM: confusion
 35089 | Elf:3    | XOM: silly message
 35090 | Elf:3    | XOM: silly message
 35094 | Elf:3    | XOM: silly message
 35106 | Elf:3    | XOM: silly message
 35144 | Elf:3    | XOM: potion effect (brilliance)
 35160 | Elf:3    | Reached skill level 12 in Armour
 35160 | Elf:3    | XOM: potion effect (might)
 35318 | Elf:3    | XOM: silly message
 35341 | Elf:3    | Identified the ring of Ascent {Ice Fly Dex+2}
 35348 | Elf:3    | Reached skill level 20 in Fighting
 35348 | Elf:3    | Reached XP level 21. HP: 284/284 MP: 28/28
 35404 | Elf:3    | XOM: potion effect (invisibility)
 35459 | Elf:3    | XOM: cloud trail
 35530 | Elf:3    | Identified the +1 flail of Embarrassment {heavy, rF+ rC+
                  | Will-}
 36457 | Swamp:1  | Entered Level 1 of the Swamp
 36625 | Swamp:1  | Noticed Mlioglotl
 36635 | Swamp:1  | Killed Mlioglotl
 36638 | Swamp:1  | XOM: confuse monster(s)
 37176 | Swamp:2  | XOM: divination: detect items
 37362 | Swamp:2  | Reached skill level 21 in Fighting
 38026 | Swamp:3  | Found a runed translucent gate.
 38026 | Swamp:3  | Found a runed translucent gate.
 38026 | Swamp:3  | Found a runed translucent gate.
 38030 | Swamp:3  | Noticed Eboth's ghost (adept GnFi)
 38150 | Swamp:3  | Killed Eboth's ghost
 38189 | Swamp:3  | XOM: divination: detect items
 38220 | Swamp:4  | Entered Level 4 of the Swamp
 38243 | Swamp:4  | XOM: polymorph six-headed hydra -> bunyip
 38247 | Swamp:4  | Identified the scarf "Deidutih" {harm, +Inv Regen+ Str-4
                  | Dex+5}
 38286 | Swamp:4  | Found a shimmering altar of Xom.
 38376 | Swamp:4  | XOM: summons friendly crimson imp
 38388 | Swamp:4  | XOM: enchant monster (good)
 38389 | Swamp:4  | XOM: cast spell 'Summon Cactus Giant'
 38398 | Swamp:4  | XOM: divination: detect items
 38410 | Swamp:4  | XOM: cleaving
 38463 | Swamp:4  | Got a decaying rune of Zot
 38468 | Swamp:4  | XOM: god gift: glowing battleaxe {god gift}
 38936 | Swamp:4  | XOM: god gift: 35 gold pieces
 38961 | Swamp:4  | XOM: cloud trail
 39405 | Vaults:4 | Found a crumbling gateway.
 39407 | Vaults:4 | Found a white marble altar of Elyvilon.
 39407 | Vaults:4 | Found a glowing silver altar of Zin.
 39407 | Vaults:4 | Found a glowing golden altar of the Shining One.
 39422 | Desolati | Entered the Desolation of Salt
 39488 | Desolati | Reached skill level 22 in Fighting
 39586 | Desolati | XOM: cloud trail
 39614 | Desolati | XOM: scenery: summon butterflies
 39633 | Desolati | Identified the +9 morningstar "Fatoawaraqo" {heavy, Str+3
                  | Dex+3}
 39666 | Desolati | Identified the +0 pair of gloves "Omnaa" {Dex+2}
 39685 | Desolati | XOM: confuse monster(s)
 39701 | Desolati | Reached XP level 22. HP: 279/304 MP: 29/29
 39737 | Desolati | XOM: confusion (+ monsters)
 39785 | Desolati | XOM: blink monster(s)
 39820 | Desolati | Identified the +2 pair of boots "Woh Cai" {Str+2}
 39823 | Desolati | Identified the +3 flail of the Enchanting Shark {drain,
                  | Contam rC++ Dex+6}
 39858 | Desolati | XOM: polymorph servant of whispers -> satyr
 39989 | Desolati | XOM: blink monster(s)
 40521 | Vaults:4 | Noticed Boris
 40528 | Vaults:4 | Killed Boris
 40686 | Vaults:4 | Reached skill level 23 in Fighting
 40792 | Vaults:4 | XOM: polymorph yaktaur captain -> ghost moth
 40798 | Vaults:4 | XOM: give mutations
 40798 | Vaults:4 | Lost mutation: You are strong-willed. (Will+) [Xom's
                  | mischief]
 40798 | Vaults:4 | Lost mutation: Your flesh is almost immune to the effects
                  | of cold. (rC+++) [Xom's mischief]
 40798 | Vaults:4 | Lost mutation: You have a somewhat thin skeletal structure.
                  | (Dex +2, Stealth+) [Xom's mischief]
 40798 | Vaults:4 | Lost mutation: You are very robust. (+20% HP) [Xom's
                  | mischief]
 40955 | Vaults:4 | Noticed Sojobo
 40960 | Vaults:4 | XOM: summons 3 hostile demons
 40961 | Vaults:4 | XOM: divination: magic mapping
 40972 | Vaults:4 | Paralysed by an air elemental for 1 turns
 40977 | Vaults:4 | Paralysed by an air elemental for 1 turns
 40988 | Vaults:4 | Killed Sojobo
 41194 | Vaults:4 | XOM: silly message
 41450 | Vaults:5 | Entered Level 5 of the Vaults
 41465 | Vaults:5 | XOM: polymorph yaktaur captain -> dire elephant
 41482 | Vaults:5 | XOM: enchant monster (bad)
 41483 | Vaults:5 | XOM: polymorph deep elf high priest -> bunyip
 41505 | Vaults:5 | XOM: noise
 41638 | Vaults:5 | XOM: polymorph vault guard -> ghost moth
 41780 | Vaults:5 | XOM: give mutations
 41780 | Vaults:5 | Lost mutation: Your flesh is very heat resistant. (rF++)
                  | [Xom's mischief]
 41780 | Vaults:5 | Lost mutation: You expend magic power (3 MP) to strengthen
                  | your wands. [Xom's mischief]
 41780 | Vaults:5 | Lost mutation: You are completely covered in iridescent
                  | scales. (AC +6) [Xom's mischief]
 41780 | Vaults:5 | Lost mutation: Your spells are harder to cast, but more
                  | powerful. [Xom's mischief]
 41872 | Vaults:5 | XOM: summons 9 hostile demons
 41889 | Vaults:5 | XOM: give mutations
 41889 | Vaults:5 | Lost mutation: Your skin changes colour to match your
                  | surroundings (Stealth+). [Xom's mischief]
 41889 | Vaults:5 | Gained mutation: You have very sharp teeth. [Xom's
                  | mischief]
 41942 | Vaults:5 | XOM: blink monster(s)
 41957 | Vaults:5 | XOM: give mutations
 41957 | Vaults:5 | Lost mutation: You have very sharp teeth. [Xom's mischief]
 41957 | Vaults:5 | Lost mutation: You are robust. (+10% HP) [Xom's mischief]
 41957 | Vaults:5 | Gained mutation: Armour fits poorly on your strangely
                  | shaped body. [Xom's mischief]
 41957 | Vaults:5 | Lost mutation: You are very agile. (Dex +8, Str/Int -2)
                  | [Xom's mischief]
 41962 | Vaults:5 | XOM: stat loss: -1 Str (29/30)
 42084 | Vaults:5 | Reached skill level 24 in Fighting
 42097 | Vaults:5 | Noticed a dread lich
 42106 | Vaults:5 | Killed a dread lich
 42143 | Vaults:5 | Noticed a golden dragon
 42149 | Vaults:5 | Killed a golden dragon
 42189 | Vaults:5 | Found Ysopuhaant's General Store.
 42191 | Vaults:5 | XOM: polymorph tengu reaver -> fire giant
 42195 | Vaults:5 | XOM: polymorph fire giant -> shapeshifter
 42276 | Vaults:5 | XOM: 1-stop teleportation journey
 42283 | Vaults:5 | XOM: confusion
 42299 | Vaults:5 | XOM: summons friendly crimson imp
 42305 | Vaults:5 | XOM: cleaving
 42311 | Vaults:5 | Reached XP level 23. HP: 241/274 MP: 30/30
 42324 | Vaults:5 | Found Boseguish's Distillery.
 42344 | Vaults:5 | Noticed a dread lich
 42347 | Vaults:5 | Killed a dread lich
 42355 | Vaults:5 | Noticed a dread lich
 42370 | Vaults:5 | Killed a dread lich
 42385 | Vaults:5 | XOM: summons friendly quasit
 42387 | Vaults:5 | XOM: cast spell 'Monstrous Menagerie'
 42483 | Vaults:5 | XOM: potion effect (curing)
 42515 | Vaults:5 | Reached skill level 25 in Fighting
 42546 | Vaults:5 | Noticed a caustic shrike
 42547 | Vaults:5 | a caustic shrike changed into a glowing shapeshifter
 42547 | Vaults:5 | XOM: polymorph caustic shrike -> glowing shapeshifter
 42662 | Vaults:5 | Noticed Boris
 42662 | Vaults:5 | XOM: noise
 42670 | Vaults:5 | Killed Boris
 42697 | Vaults:5 | Bought a scroll of enchant weapon for 105 gold pieces
 42726 | Vaults:5 | XOM: summons 7 hostile demons
 42782 | Vaults:5 | Found Qelootuh's Distillery.
 42794 | Vaults:5 | Found Kizit's Distillery.
 42803 | Vaults:5 | XOM: summons 2 friendly demons
 42825 | Vaults:5 | XOM: 1-stop teleportation journey
 42861 | Vaults:5 | Found Iciont's Distillery.
 42861 | Vaults:5 | XOM: 6-stop teleportation journey
 43066 | Vaults:5 | Found Tuwitasch's Jewellery Shoppe.
 43075 | Vaults:5 | Got a silver rune of Zot
 43326 | Vaults:5 | Found Paynti's Distillery.
 43431 | Vaults:5 | XOM: divination: detect creatures
 43451 | Vaults:5 | Bought a potion of curing for 51 gold pieces
 43451 | Vaults:5 | Bought a potion of curing for 51 gold pieces
 43451 | Vaults:5 | Bought a potion of curing for 51 gold pieces
 43466 | Vaults:5 | Bought a potion of heal wounds for 60 gold pieces
 43466 | Vaults:5 | Bought a potion of curing for 36 gold pieces
 43466 | Vaults:5 | Bought a potion of cancellation for 96 gold pieces
 43466 | Vaults:5 | Bought a potion of curing for 36 gold pieces
 43466 | Vaults:5 | Bought a potion of berserk rage for 60 gold pieces
 43477 | Vaults:5 | Bought a potion of haste for 150 gold pieces
 43477 | Vaults:5 | Bought a potion of cancellation for 120 gold pieces
 43477 | Vaults:5 | Bought a potion of might for 60 gold pieces
 43490 | Vaults:5 | Bought a potion of curing for 60 gold pieces
 43490 | Vaults:5 | Bought 2 potions of curing for 120 gold pieces
 43490 | Vaults:5 | Bought a potion of curing for 60 gold pieces
 43490 | Vaults:5 | Bought a potion of curing for 60 gold pieces
 43490 | Vaults:5 | Bought a potion of haste for 200 gold pieces
 43490 | Vaults:5 | Bought a potion of cancellation for 160 gold pieces
 43535 | Vaults:5 | Bought a potion of haste for 220 gold pieces
 43535 | Vaults:5 | Bought a potion of haste for 220 gold pieces
 43535 | Vaults:5 | Bought a potion of haste for 220 gold pieces
 43535 | Vaults:5 | Bought a potion of curing for 66 gold pieces
 43535 | Vaults:5 | Bought a potion of curing for 66 gold pieces
 43535 | Vaults:5 | Bought a potion of curing for 66 gold pieces
 43746 | D:11     | XOM: give mutations
 43746 | D:11     | Gained mutation: You are occasionally teleported next to
                  | monsters. [Xom's mischief]
 43746 | D:11     | Lost mutation: You are occasionally teleported next to
                  | monsters. [Xom's mischief]
 43746 | D:11     | Gained mutation: You are strong-willed. (Will+) [Xom's
                  | mischief]
 43906 | Lair:3   | XOM: give mutations
 43906 | Lair:3   | Gained mutation: You are highly strong-willed. (Will++)
                  | [Xom's grace]
 43906 | Lair:3   | Gained mutation: Your spells are harder to cast, but more
                  | powerful. [Xom's grace]
 43906 | Lair:3   | Gained mutation: You are extremely strong-willed. (Will+++)
                  | [Xom's grace]
 43928 | Lair:4   | XOM: god gift: trident {god gift}
 43929 | Lair:4   | Lost mutation: Your spells are harder to cast, but more
                  | powerful. [potion of mutation]
 43929 | Lair:4   | Lost mutation: Your flesh is heat resistant. (rF+) [potion
                  | of mutation]
 43929 | Lair:4   | Lost mutation: You are agile. (Dex +4, Str/Int -1) [potion
                  | of mutation]
 43929 | Lair:4   | Lost mutation: Your spells are a little harder to cast, but
                  | a little more powerful. [potion of mutation]
 43929 | Lair:4   | Lost mutation: You are extremely strong-willed. (Will+++)
                  | [potion of mutation]
 43929 | Lair:4   | Gained mutation: Your muscles are strong. (Str +4, Int/Dex
                  | -1) [potion of mutation]
 43930 | Lair:4   | Lost mutation: Your flesh is very cold resistant. (rC++)
                  | [potion of mutation]
 43930 | Lair:4   | Lost mutation: Your muscles are strong. (Str +4, Int/Dex
                  | -1) [potion of mutation]
 43931 | Lair:4   | Lost mutation: Armour fits poorly on your strangely shaped
                  | body. [potion of mutation]
 43931 | Lair:4   | Lost mutation: You are highly strong-willed. (Will++)
                  | [potion of mutation]
 43931 | Lair:4   | Lost mutation: You are strong-willed. (Will+) [potion of
                  | mutation]
 43931 | Lair:4   | Lost mutation: Your flesh is cold resistant. (rC+) [potion
                  | of mutation]
 43931 | Lair:4   | Gained mutation: Your system is resistant to poisons.
                  | (rPois) [potion of mutation]
 43977 | Lair:5   | Fell from the grace of Xom
 43977 | Lair:5   | Became a worshipper of Jiyva Jiqon the Shapeless
 44313 | Depths:1 | Entered Level 1 of the Depths
 44332 | Depths:1 | XOM: blink monster(s)
 44405 | Depths:1 | Found a runed translucent door.
 44465 | Depths:1 | XOM: stat loss: -3 Str (28/31)
 44557 | Depths:1 | Identified a potion of resistance
 44586 | Depths:1 | Found a one-way gateway to a ziggurat.
 44587 | Depths:1 | Reached * piety under Jiyva
 44763 | Depths:1 | Found Jaripiyh's Armour Boutique.
 44765 | Depths:1 | Found Mona's Antique Weapon Boutique.
 44765 | Depths:1 | Found Lasarotz's Antique Weapon Shop.
 44767 | Depths:1 | XOM: 3-stop teleportation journey
 44823 | Depths:1 | Found Ytzab's Armour Shop.
 44847 | Depths:1 | Reached ** piety under Jiyva
 44852 | Depths:1 | XOM: polymorph jelly -> howler monkey
 44974 | Depths:1 | Reached skill level 26 in Fighting
 44985 | Depths:1 | Found a gateway to Hell.
 45030 | Depths:1 | XOM: polymorph jelly -> glowing shapeshifter
 45056 | Depths:1 | XOM: give mutations
 45056 | Depths:1 | Lost mutation: Your system is resistant to poisons. (rPois)
                  | [Xom's mischief]
 45056 | Depths:1 | Gained mutation: You have large cloven feet. [Xom's
                  | mischief]
 45056 | Depths:1 | Gained mutation: You have hoof-like feet. [Xom's mischief]
 45056 | Depths:1 | Gained mutation: You possess an exceptional clarity of
                  | mind. [Xom's mischief]
 45381 | Depths:2 | Reached XP level 24. HP: 292/292 MP: 30/30
 45589 | Depths:2 | Found a one-way gate leading to the halls of Pandemonium.
 45699 | Depths:2 | Found a blossoming altar of Fedhas.
 45699 | Depths:2 | Found a shimmering altar of Xom.
 45699 | Depths:2 | Found a shadowy altar of Dithmenos.
 45699 | Depths:2 | XOM: 8-stop teleportation journey
 45833 | Depths:2 | Reached skill level 27 in Fighting
 45838 | Depths:2 | Reached skill level 13 in Armour
 45852 | Depths:2 | Noticed a juggernaut
 45866 | Depths:2 | Killed a juggernaut
 45984 | Depths:2 | XOM: noise
 46003 | Depths:2 | Identified the +9 glaive "Moph" {flame, rPois rN+ Str+2
                  | Int-4 SInv}
 46083 | Depths:2 | Reached *** piety under Jiyva
 46083 | Depths:2 | Lost mutation: You are mostly covered in iridescent scales.
                  | (AC +4) [Jiyva's grace]
 46083 | Depths:2 | Gained mutation: Your body has grown eyes which may confuse
                  | attackers. (Acc +3) [Jiyva's grace]
 46083 | Depths:2 | Gained mutation: Your body has grown many eyes which may
                  | confuse attackers. (Acc +5) [Jiyva's grace]
 46083 | Depths:2 | Gained mutation: Your body is covered in eyes which may
                  | confuse attackers. (Acc +7, SInv) [Jiyva's grace]
 46083 | Depths:2 | Gained mutation: You are somewhat resistant to further
                  | mutation. [Jiyva's grace]
 46105 | Depths:2 | Identified the ring "Apaem" {rF+ Will+ SInv}
 46234 | Depths:2 | XOM: enchant monster (bad)
 46410 | Depths:2 | Found a burning altar of Makhleb.
 46679 | Depths:2 | XOM: enchant monster (bad)
 46690 | Depths:2 | XOM: polymorph jelly -> adder
 47035 | Depths:2 | Reached skill level 14 in Armour
 47051 | Depths:2 | Identified the +9 orcbow "Hinwiull" {antimagic, Str-5 Int+3
                  | Dex+6 Stlth+}
 47269 | Depths:2 | Identified the staff of Ignis's Inspiration {Drain rElec
                  | rC+ Str+4 Ice Air}
 47290 | Depths:2 | XOM: silly message
 47359 | Depths:3 | Reached **** piety under Jiyva
 47472 | Depths:3 | Noticed Vv
 47485 | Depths:3 | Killed Vv
 47609 | Depths:3 | Found Guep's Antique Armour Shoppe.
 47615 | Depths:3 | Bought a masterwork cloak for 199 gold pieces
 47615 | Depths:3 | Identified the +2 cloak of the Gate {rC- Dex+6} (You bought
                  | it in a shop on level 3 of the Depths)
 47616 | Depths:3 | Identified the ring of Ezoudon {Ice Will- Str+3 Int+3
                  | Dex+3}
 47616 | Depths:3 | Noticed Josephina
 47645 | Depths:3 | Killed Josephina
 47682 | Depths:3 | Noticed a caustic shrike
 47689 | Depths:3 | Killed a caustic shrike
 47864 | Depths:3 | Reached skill level 23 in Maces & Flails
 48104 | Depths:3 | Found Ruwydgh's Assorted Antiques.
 48107 | Depths:3 | Bought a potion of curing for 117 gold pieces
 48107 | Depths:3 | Bought a scroll of teleportation for 117 gold pieces
 48274 | D:15     | XOM: god gift: 5 atropa-tipped darts
 48445 | Crypt:1  | Entered Level 1 of the Crypt
 48470 | Crypt:1  | Reached XP level 25. HP: 304/304 MP: 30/30
 48576 | Crypt:1  | Lost mutation: You are somewhat resistant to further
                  | mutation. [Jiyva's grace]
 48576 | Crypt:1  | Gained mutation: You are covered in slimy tendrils that may
                  | disarm your opponents. [Jiyva's grace]
 48576 | Crypt:1  | Gained mutation: You have a beak for a mouth. [Jiyva's
                  | grace]
 48576 | Crypt:1  | Gained mutation: Your muscles are strong. (Str +4, Int/Dex
                  | -1) [Jiyva's grace]
 48576 | Crypt:1  | Gained mutation: Your muscles are very strong. (Str +8,
                  | Int/Dex -2) [Jiyva's grace]
 48585 | Crypt:1  | Reached ***** piety under Jiyva
 48649 | Crypt:1  | Noticed a curse skull
 48655 | Crypt:1  | Killed a curse skull
 48749 | Crypt:1  | Reached skill level 15 in Armour
 48874 | Crypt:1  | Noticed a curse skull
 48880 | Crypt:1  | Killed a curse skull
 48938 | Crypt:1  | XOM: give mutations
 48938 | Crypt:1  | Lost mutation: You have a beak for a mouth. [Xom's
                  | mischief]
 48938 | Crypt:1  | Gained mutation: You expend magic power (3 MP) to
                  | strengthen your wands. [Xom's mischief]
 48938 | Crypt:1  | Lost mutation: Your muscles are very strong. (Str +8,
                  | Int/Dex -2) [Xom's mischief]
 48938 | Crypt:1  | Lost mutation: You expend magic power (3 MP) to strengthen
                  | your wands. [Xom's mischief]
 49189 | Crypt:1  | XOM: polymorph jelly -> gnoll
 49664 | Crypt:2  | Lost mutation: You are partially covered in iridescent
                  | scales. (AC +2) [Jiyva's grace]
 49664 | Crypt:2  | Lost mutation: Your muscles are strong. (Str +4, Int/Dex
                  | -1) [Jiyva's grace]
 49664 | Crypt:2  | Lost mutation: Your body is covered in eyes which may
                  | confuse attackers. (Acc +7, SInv) [Jiyva's grace]
 49664 | Crypt:2  | Lost mutation: You are covered in slimy tendrils that may
                  | disarm your opponents. [Jiyva's grace]
 49664 | Crypt:2  | Gained mutation: You have a somewhat thin skeletal
                  | structure. (Dex +2, Stealth+) [Jiyva's grace]
 49664 | Crypt:2  | Gained mutation: You have a moderately thin skeletal
                  | structure. (Dex +4, Stealth++) [Jiyva's grace]
 49664 | Crypt:2  | Gained mutation: You have an unnaturally thin skeletal
                  | structure. (Dex +6, Stealth+++) [Jiyva's grace]
 49664 | Crypt:2  | Gained mutation: Your body is covered in eyes which may
                  | confuse attackers. (Acc +7, SInv) [Jiyva's grace]
 49841 | Crypt:3  | Entered Level 3 of the Crypt
 49855 | Crypt:3  | Reached ****** piety under Jiyva
 50208 | Crypt:3  | Lost mutation: You have an unnaturally thin skeletal
                  | structure. (Dex +6, Stealth+++) [Jiyva's grace]
 50208 | Crypt:3  | Lost mutation: Your body is covered in eyes which may
                  | confuse attackers. (Acc +7, SInv) [Jiyva's grace]
 50208 | Crypt:3  | Gained mutation: Your muscles are strong. (Str +4, Int/Dex
                  | -1) [Jiyva's grace]
 50208 | Crypt:3  | Gained mutation: Your muscles are very strong. (Str +8,
                  | Int/Dex -2) [Jiyva's grace]
 50208 | Crypt:3  | Gained mutation: You are agile. (Dex +4, Str/Int -1)
                  | [Jiyva's grace]
 50208 | Crypt:3  | Gained mutation: You are very agile. (Dex +8, Str/Int -2)
                  | [Jiyva's grace]
 50250 | Crypt:3  | Noticed Xtahua
 50256 | Crypt:3  | Killed Xtahua
 50343 | Crypt:3  | Found a basalt altar of Yredelemnul.
 50454 | Crypt:3  | Reached skill level 16 in Armour
 50463 | Crypt:3  | Identified the +1 helmet "Voikiub" {Str+4}
 50468 | Crypt:3  | Identified the +0 pair of gloves of Divine Intervention
                  | {+Blink Str-3 Dex+3 Stlth+}
 50469 | Crypt:3  | Identified the staff of the Sandy God {+Blink rElec Air}
 50474 | Crypt:3  | Identified the staff "Cilenysu" {rElec Str+3 Dex+3 Air}
 50475 | Crypt:3  | Identified the ring "Gytot" {Int+4 SInv}
 50542 | Crypt:3  | Reached skill level 24 in Maces & Flails
 50793 | Crypt:3  | Found a staircase to the Tomb.
 51386 | D:10     | XOM: summons 3 hostile shadow creatures
 51452 | D:8      | XOM: give mutation
 51452 | D:8      | Lost mutation: You are very agile. (Dex +8, Str/Int -2)
                  | [Xom's mischief]
 51570 | Slime:1  | Entered Level 1 of the Pits of Slime
 51736 | Slime:5  | Entered Level 5 of the Pits of Slime
 51755 | Slime:5  | Found a viscous altar of Jiyva.
 51757 | Slime:5  | Noticed the Royal Jelly
 51855 | Slime:5  | Identified the +10 longbow of Tomorrow {heavy, rElec Will+
                  | Str+2}
 51857 | Slime:5  | Identified the ring "Ihaplyisch" {rPois rC- rN+++ Int+6}
 51925 | Slime:5  | Identified the +5 lajatang of Turmoil {heavy, Fly rElec
                  | Int-3 Stlth+}
 51927 | Slime:5  | Got a slimy rune of Zot
 51977 | Slime:5  | Identified the +7 dagger "Iryh" {flame, rPois rF+++ Dex-2
                  | Stlth-}
 52057 | Slime:5  | Identified the +4 robe of Roucah {Regen+ Int+6}
 52060 | Slime:5  | Identified the +1 robe "Earthly Heaven" {Will++ Str+2}
 52567 | Depths:4 | Entered Level 4 of the Depths
 52704 | Depths:4 | Noticed a juggernaut
 52713 | Depths:4 | Killed a juggernaut
 52825 | Depths:4 | Found a gate to the Realm of Zot.
 53512 | Zot:1    | Entered Level 1 of the Realm of Zot
 53512 | Zot:1    | Noticed a curse toe
 53514 | Zot:1    | Killed a curse toe
 53525 | Zot:1    | Reached skill level 17 in Armour
 53538 | Zot:1    | Reached XP level 26. HP: 265/314 MP: 30/30
 53566 | Zot:1    | XOM: 1-stop teleportation journey
 53689 | Zot:1    | Noticed an electric golem
 53696 | Zot:1    | Killed an electric golem
 53725 | Zot:1    | Noticed an electric golem
 53732 | Zot:1    | Killed an electric golem
 53905 | Zot:1    | XOM: give mutation
 53905 | Zot:1    | Gained mutation: Your mind is acute. (Int +4, Str/Dex -1)
                  | [Xom's mischief]
 53927 | Zot:1    | Found a radiant altar of Vehumet.
 54027 | Zot:1    | Gained mutation: You expend magic power (3 MP) to
                  | strengthen your wands. [Jiyva's grace]
 54027 | Zot:1    | Gained mutation: You have a beak for a mouth. [Jiyva's
                  | grace]
 54027 | Zot:1    | Gained mutation: You have hidden genetic potential.
                  | [Jiyva's grace]
 54027 | Zot:1    | Gained mutation: You have great hidden genetic potential.
                  | [Jiyva's grace]
 54112 | Zot:1    | XOM: cloud trail
 54163 | Zot:1    | Was forgiven by Xom
 54317 | Zot:1    | Reached skill level 25 in Maces & Flails
 54692 | Zot:2    | Noticed Parghit
 54709 | Zot:2    | HP: 17/263 [/damnation (31)]
 54858 | Zot:1    | Killed Parghit
 55258 | Zot:2    | Reached skill level 18 in Armour
 56011 | Zot:3    | Lost mutation: You have hoof-like feet. [Jiyva's grace]
 56011 | Zot:3    | Lost mutation: You are agile. (Dex +4, Str/Int -1) [Jiyva's
                  | grace]
 56011 | Zot:3    | Lost mutation: Your mind is acute. (Int +4, Str/Dex -1)
                  | [Jiyva's grace]
 56011 | Zot:3    | Lost mutation: You have great hidden genetic potential.
                  | [Jiyva's grace]
 56011 | Zot:3    | Lost mutation: You have hidden genetic potential. [Jiyva's
                  | grace]
 56011 | Zot:3    | Gained mutation: You are somewhat resistant to further
                  | mutation. [Jiyva's grace]
 56011 | Zot:3    | Gained mutation: You are somewhat resistant to both further
                  | mutation and mutation removal. [Jiyva's grace]
 56011 | Zot:3    | Gained mutation: You are almost entirely resistant to
                  | further mutation and mutation removal. [Jiyva's grace]
 56011 | Zot:3    | Gained mutation: You have acidic saliva. [Jiyva's grace]
 56199 | Zot:4    | Noticed a curse toe
 56211 | Zot:4    | Killed a curse toe
 56499 | Zot:4    | Reached skill level 26 in Maces & Flails
 56866 | Zot:5    | Entered Level 5 of the Realm of Zot
 56947 | Zot:5    | Noticed a curse toe
 56954 | Zot:5    | Killed a curse toe
 56957 | Zot:5    | Reached skill level 19 in Armour
 57303 | Zot:5    | Reached XP level 27. HP: 310/323 MP: 30/30
 57517 | Zot:5    | Noticed an orb of fire
 57524 | Zot:5    | Killed an orb of fire
 57533 | Zot:5    | Noticed an ancient lich
 57538 | Zot:5    | Killed an ancient lich
 57557 | Zot:5    | Noticed an orb of fire
 57562 | Zot:5    | Killed an orb of fire
 57825 | Zot:5    | Noticed an electric golem
 57829 | Zot:5    | Noticed an orb of fire
 57837 | Zot:5    | Killed an orb of fire
 57842 | Zot:5    | Killed an electric golem
 57914 | Zot:5    | Noticed an ancient lich
 57916 | Zot:5    | Noticed a dread lich
 57923 | Zot:5    | Killed an ancient lich
 57926 | Zot:5    | Killed a dread lich
 57977 | Zot:5    | Noticed an orb of fire
 57989 | Zot:5    | Killed an orb of fire
 57990 | Zot:5    | Reached skill level 20 in Armour
 58067 | Zot:5    | Reached skill level 27 in Maces & Flails
 58067 | Zot:5    | Noticed a dread lich
 58071 | Zot:5    | Noticed an electric golem
 58071 | Zot:5    | Paralysed by something for 4 turns
 58075 | Zot:5    | Killed a dread lich
 58078 | Zot:5    | Killed an electric golem
 58095 | Zot:5    | Noticed an orb of fire
 58107 | Zot:5    | Killed an orb of fire
 58256 | Zot:5    | Got the Orb of Zot
 58824 | D:4      | Noticed Boris
 58830 | D:4      | Killed Boris
 58831 | D:4      | Reached skill level 21 in Armour
 58984 | D:$      | Escaped with the Orb!

Vanquished Creatures
  3 ancient liches
  5 dread liches
  5 orbs of fire (Zot:5)
  2 juggernauts
  Sojobo (Vaults:4)
  Boris (4 times) (Vaults:2 Vaults:4 Vaults:5 D:4)
  Josephina (Depths:3)
  Parghit (Zot:1)
  Vv (Depths:3)
  7 Killer Klowns
  3 curse toes
  A caustic shrike (Depths:3)
  Xtahua (Crypt:3)
  Nikola (Spider:3)
  7 golden dragons
  3 profane servitors
  A bone dragon (Crypt:3)
  A Tzitzimitl (D:1)
  Norris (Vaults:3)
  A Brimstone Fiend (Depths:3)
  4 electric golems
  25 Orb Guardians
  26 tentacled monstrosities
  2 hellephants
  Zenata (Vaults:2)
  Mlioglotl (Swamp:1)
  A walking earthen tome (Depths:4)
  4 titans
  An Ice Fiend (D:7)
  7 liches
  A deep elf blademaster (Elf:3)
  2 deep elf master archers (Elf:3)
  8 quicksilver dragons
  A walking divine tome (Depths:2)
  A walking frostbound tome (Depths:2)
  11 sphinxes
  An ancient champion (Depths:3)
  7 death cobs
  Kirke (Lair:3)
  2 thorn hunters
  The ghost of Eboth the Blocker, an adept GnFi of Okawaru (Swamp:3)
  9 shadow dragons
  23 storm dragons
  8 tengu reavers
  Aizul (Vaults:1)
  3 revenants
  5 draconian knights
  7 draconian monks
  A fenstrider witch (Swamp:4)
  3 imperial myrmidons (Desolation)
  18 frost giants
  20 fire giants
  3 draconian scorchers
  9 emperor scorpions
  12 vault wardens
  9 deep elf sorcerers
  13 ghost moths
  7 deep elf elementalists (Elf:3)
  6 draconian annihilators
  10 ghouls
  2 angels (Vaults:4)
  A cacodemon (WizLab)
  A spriggan defender (Depths:1)
  7 orc warlords
  9 draconian shifters
  2 curse skulls (Crypt:1)
  2 draconian stormcallers
  21 ironbound preservers
  28 stone giants
  23 very ugly things
  2 war gargoyles (Vaults:5)
  A broodmother (Spider:4)
  6 ironbound thunderhulks
  4 formless jellyfish
  A caustic shrike skeleton (Crypt:2)
  16 black draconians
  12 green draconians
  3 eleionomae
  7 bunyips
  5 vampire knights
  7 deep elf demonologists
  3 deep elf annihilators
  A minotaur (Gauntlet)
  A starcursed mass (WizLab)
  10 purple draconians
  11 dire elephants
  3 halazid warlocks (Desolation)
  15 spark wasps
  12 white draconians
  15 red draconians
  10 eidola
  6 yellow draconians
  14 ettins
  15 fire dragons
  8 deep elf death magi
  A mummy priest (Crypt:3)
  An elf zombie (Crypt:3)
  A green death (Depths:4)
  3 jiangshi (Crypt:2)
  6 entropy weavers
  3 shambling mangroves
  12 deep elf high priests
  A fire dragon (shapeshifter) (Vaults:5)
  28 vault guards
  2 great orbs of eyes
  5 ragged hierophants (Desolation)
  11 rakshasas
  16 yaktaur captains
  12 ice dragons
  8 peacekeepers
  A salamander tyrant (Depths:3)
  2 spriggan zombies (Crypt:3)
  Harold (D:9)
  19 hydras
  6 servants of whispers (Desolation)
  A radroach (Spider:4)
  6 death knights
  2 ogre magi
  6 spriggan air magi
  A hell beast (Depths:3)
  3 alligators
  3 catoblepae
  8 ironbound frosthearts
  An anaconda (shapeshifter) (Vaults:5)
  Erica (D:9)
  8 boulder beetles
  5 centaur warriors
  14 tengu warriors
  7 deep troll shamans
  2 jorogumos
  A death scarab (Gauntlet)
  5 vampire magi
  3 deep troll earth magi
  8 dancing weapons
  A satyr (Desolation)
  A hell hog (Depths:1)
  7 two-headed ogres
  3 orc high priests (Orc:2)
  9 demonic crawlers
  5 spriggan berserkers
  17 deep elf knights
  2 soul eaters
  A sun demon (Depths:1)
  Nergalle (D:11)
  7 hell knights
  A fire crab (Gauntlet)
  5 pharaoh ants
  An iron troll (Depths:3)
  An iron troll (shapeshifter) (Vaults:5)
  46 deep trolls
  6 skysharks
  2 sixfirhies
  20 skeletal warriors
  A fire crab (shapeshifter) (Lair:1)
  A glowing orange brain (shapeshifter) (Vaults:5)
  4 goliath frogs
  3 bunyip zombies (Crypt:3)
  2 glowing orange brains
  3 spriggan druids
  2 anaconda zombies (Crypt:3)
  9 flayed ghosts
  12 orb spiders
  A death drake (Swamp:4)
  A ghost moth zombie (Crypt:2)
  11 swamp dragons
  6 occultists
  A storm dragon skeleton (Vaults:5)
  An anaconda skeleton (WizLab)
  6 arcanists
  2 tengu zombies
  11 bog bodies
  A bunyip skeleton (Crypt:2)
  34 phantasmal warriors
  20 deep elf archers
  16 ironbound convokers
  Pikel (D:4)
  34 deep elf zephyrmancers
  9 necromancers
  8 steelbarb worms
  26 orc knights
  11 harpies
  4 will-o-the-wisps
  7 orc sorcerers
  A lindwurm (Lair:5)
  3 iron dragon zombies
  2 mana vipers
  3 cyclopes
  28 deep elf pyromancers
  24 wolf spiders
  A fire giant zombie (Crypt:1)
  6 manticores
  34 ugly things
  A manticore (shapeshifter) (D:12)
  An alligator skeleton (Crypt:1)
  6 elephants (Lair:3)
  25 moths of wrath
  6 guardian serpents (Desolation)
  3 rust devils
  A black mamba (Lair:5)
  2 dire elephant zombies (Crypt:3)
  Maurice (Orc:1)
  19 vault sentinels
  2 naga zombies (Crypt:3)
  23 cane toads
  A stone giant skeleton (Crypt:1)
  7 torpor snails
  Maggie (D:6)
  2 molten gargoyles
  An unseen horror (D:12)
  An alligator snapping turtle zombie (Crypt:2)
  A yaktaur zombie (Vaults:5)
  A hellion (D:1)
  A steelbarb worm zombie (Crypt:1)
  8 komodo dragons
  4 efreet
  7 freezing wraiths
  2 kobold demonologists
  20 yaktaurs
  A tormentor (Zot:1)
  5 tengu conjurers
  A grey draconian skeleton (Crypt:1)
  A sea snake skeleton (Crypt:1)
  A spark wasp simulacrum (Depths:3)
  An ancient zyme (WizLab)
  2 ice devils
  2 guardian mummies (Crypt:3)
  A yaktaur skeleton (Vaults:5)
  10 trolls
  3 harpy zombies
  9 tyrant leeches
  6 meliai (Spider:3)
  A wind drake (Lair:1)
  A shadow dragon simulacrum (Depths:3)
  A harpy skeleton (Crypt:2)
  25 tarantellas
  15 hornets
  A raiju (D:11)
  52 saltlings (Desolation)
  A hornet (shapeshifter) (Spider:4)
  42 blink frogs
  A great orb of eyes zombie (Crypt:2)
  A frost giant simulacrum (Depths:3)
  5 air elementals
  56 slime creatures
  9 flying skulls (Crypt:1)
  A vampire (D:8)
  23 jumping spiders
  8 small abominations
  3 hogs (Lair:3)
  5 shadows
  3 water elementals
  8 spriggans
  A wyvern (shapeshifter) (Vaults:5)
  A spectral black mamba (Gauntlet)
  19 culicivoras
  2 large abominations
  An ushabti (Crypt:3)
  6 wraiths
  9 basilisks
  7 fire bats
  4 wyverns
  38 yaks
  7 fire elementals
  A steam dragon (D:8)
  Eustachio (D:5)
  52 redbacks
  16 vampire mosquitoes
  Menkaure (D:7)
  A spatial vortex (WizLab)
  14 swamp worms
  3 acid dragons
  6 water moccasins
  A water moccasin (shapeshifter) (Vaults:5)
  A two-headed ogre skeleton (Crypt:2)
  2 hell hounds (Gauntlet)
  6 black bears
  A glowing shapeshifter skeleton (Crypt:2)
  36 orc warriors
  8 swamp drakes
  A hornet zombie (D:7)
  9 wolves
  11 ogres
  3 sky beasts
  15 centaurs
  A rime drake zombie (Crypt:2)
  A phantom (D:6)
  3 kobold brigands
  22 bullfrogs
  13 necrophages
  A wyvern zombie (D:7)
  7 earth elementals
  2 gnoll sergeants (D:8)
  3 scorpions
  16 wights
  A warg zombie (Crypt:1)
  11 wyvern skeletons (Crypt:3)
  9 killer bees
  9 electric eels
  2 howler monkeys
  3 centaur zombies
  5 jellies
  A quasit (WizLab)
  5 hounds
  21 orc priests
  An iron imp (WizLab)
  3 sleepcaps (D:5)
  A gnoll bouda (D:4)
  Ijyb (D:3)
  4 hell rats (Lair:5)
  Natasha (thrice) (D:3)
  3 iguanas
  34 orc wizards
  A killer bee zombie (D:7)
  6 howler monkey zombies (D:7)
  Robin (D:3)
  21 gnolls
  14 adders
  2 shadow imps
  A white imp (WizLab)
  A dart slug (D:3)
  83 orcs
  14 ball pythons
  9 bats
  14 endoplasms
  5 giant cockroaches
  21 goblins
  10 hobgoblins
  7 jackals
  5 quokkas
  An endoplasm zombie (Crypt:2)
  3 frilled lizards
  24 kobolds
  A kobold zombie (Crypt:2)
  6 rats
2491 creatures vanquished.

Vanquished Creatures (collateral kills)
  A vault guard (Vaults:3)
  An orb spider (Spider:4)
  A blink frog (Lair:1)
  A yak (Lair:3)
  A spriggan (Swamp:4)
  4 redbacks (Spider:4)
  A swamp drake (Swamp:4)
  A black bear (D:8)
  2 orc warriors (Orc:2)
  An ogre (D:4)
  A centaur (D:5)
  A lemure (D:4)
  A gnoll sergeant (D:5)
  An iguana (D:5)
  5 gnolls (D:5)
  A dart slug (D:4)
  2 orcs (Orc:2)
  A quokka (D:5)
  A goblin (D:4)
28 creatures vanquished.

Vanquished Creatures (others)
  A draconian scorcher (Zot:2)
  A quicksilver ooze (shapeshifter) (Depths:2)
  An eleionoma (shapeshifter) (Depths:2)
  A servant of whispers (Desolation)
  A glowing orange brain (Depths:2)
  A deep troll (Vaults:2)
  A deep elf pyromancer (Elf:1)
  A torpor snail (shapeshifter) (Depths:2)
  A spark wasp simulacrum (Depths:3)
  A bloated husk (Swamp:3)
  A blink frog (shapeshifter) (Depths:4)
  A saltling (Desolation)
  A hornet (Swamp:4)
  6 glass eyes
  A spriggan (Swamp:4)
  An orc warrior (Orc:1)
  A swamp drake (Swamp:4)
  A necrophage (Crypt:3)
  A killer bee (D:7)
  95 jellies
  An adder (Depths:2)
  An orc (D:8)
  An endoplasm (D:6)
  6 foxfires (Swamp:2)
  45 spectral weapons
173 creatures vanquished.

Grand Total: 2692 creatures vanquished

Table legend: (Time is in decaauts)
 A = Elapsed time spent in this place.
 B = Non-inter-level travel time spent in this place.
 C = Inter-level travel time spent in this place.
 D = Time resting spent in this place.
 E = Time spent auto-exploring this place.
 F = Levels seen in this place.
 G = Mean time per level.
                   A        B        C        D        E       F      G
               +--------+--------+--------+--------+--------+-----+--------+
         Total |  57205 |  50605 |   6600 |   2699 |  34183 |  60 |  953.4 |
       Dungeon |  15873 |  12763 |   3110 |    364 |   9428 |  15 | 1058.2 |
          Lair |   5765 |   4762 |   1003 |    176 |   3561 |   5 | 1153.0 |
         Swamp |   2479 |   2317 |    162 |     25 |   1796 |   4 |  619.8 |
   Spider Nest |   5172 |   4969 |    203 |    358 |   3576 |   4 | 1293.0 |
    Slime Pits |    619 |    497 |    122 |      0 |    446 |   5 |  123.8 |
  Orcish Mines |   1708 |   1346 |    362 |     93 |    920 |   2 |  854.0 |
   Elven Halls |   3241 |   3072 |    169 |    315 |   1711 |   3 | 1080.3 |
        Vaults |   8187 |   7511 |    676 |    565 |   4509 |   5 | 1637.4 |
         Crypt |   2678 |   2508 |    170 |     35 |   1867 |   3 |  892.7 |
        Depths |   4819 |   4489 |    330 |    165 |   3085 |   4 | 1204.8 |
           Zot |   4704 |   4416 |    288 |    558 |   2636 |   5 |  940.8 |
         Trove |     49 |     49 |      0 |      0 |     21 |   1 |   49.0 |
       Volcano |    102 |    102 |      0 |      0 |      0 |   1 |  102.0 |
        Wizlab |    386 |    386 |      0 |      0 |     21 |   1 |  386.0 |
    Desolation |    753 |    753 |      0 |     30 |    259 |   1 |  753.0 |
      Gauntlet |    662 |    662 |      0 |     14 |    345 |   1 |  662.0 |
               +--------+--------+--------+--------+--------+-----+--------+

Top non-repeatable levels by time:
Depths:2: 2016 daAuts
Vaults:5: 2002 daAuts
Vaults:1: 1899 daAuts
     D:8: 1655 daAuts
Vaults:3: 1593 daAuts
Spider:1: 1592 daAuts
   Elf:3: 1590 daAuts
    D:12: 1584 daAuts
   Zot:1: 1567 daAuts
    D:13: 1468 daAuts
   Elf:1: 1430 daAuts
Spider:4: 1414 daAuts
Vaults:2: 1383 daAuts
  Lair:1: 1377 daAuts
    D:11: 1371 daAuts

Table legend:
 A = Non-vault XP
 B = Vault XP
 C = Vault XP percentage of total XP
 D = Non-vault monster count
 E = Vault monster count
 F = Vault count percentage of total count
                 A         B        C        D         E       F
            +---------+---------+-------+---------+---------+-------
      Total |  708483 |  843533 |  54.4 |    1426 |    1078 |  43.1
            +---------+---------+-------+---------+---------+-------
        D:1 |      60 |       3 |   4.8 |      36 |       2 |   5.3
        D:2 |      29 |      17 |  37.0 |      11 |      10 |  47.6
        D:3 |     174 |     106 |  37.9 |      25 |      14 |  35.9
        D:4 |     320 |    1031 |  76.3 |      25 |      13 |  34.2
        D:5 |     752 |     181 |  19.4 |      21 |       1 |   4.5
        D:6 |    1073 |     423 |  28.3 |      24 |       7 |  22.6
        D:7 |    1604 |    1992 |  55.4 |      32 |      22 |  40.7
        D:8 |    3017 |    2519 |  45.5 |      43 |      15 |  25.9
        D:9 |    1980 |    1694 |  46.1 |      15 |       2 |  11.8
       D:10 |    2809 |     199 |   6.6 |      19 |       1 |   5.0
       D:11 |    1437 |     938 |  39.5 |       5 |       2 |  28.6
       D:12 |    7457 |     658 |   8.1 |      31 |      15 |  32.6
       D:13 |    6151 |    3180 |  34.1 |      18 |       6 |  25.0
       D:14 |    1119 |       0 |   0.0 |       5 |       0 |   0.0
       D:15 |    8142 |   10535 |  56.4 |      24 |      15 |  38.5
     Lair:1 |    5485 |    1627 |  22.9 |      23 |      17 |  42.5
     Lair:2 |    4406 |       0 |   0.0 |      16 |       0 |   0.0
     Lair:3 |    6937 |    2137 |  23.6 |      19 |       4 |  17.4
     Lair:4 |   10336 |       0 |   0.0 |      40 |       0 |   0.0
     Lair:5 |   11935 |   10921 |  47.8 |      32 |      42 |  56.8
    Swamp:1 |    7799 |    1816 |  18.9 |      13 |       1 |   7.1
    Swamp:2 |   16092 |       0 |   0.0 |      31 |       0 |   0.0
    Swamp:3 |   12197 |    1845 |  13.1 |      23 |       4 |  14.8
    Swamp:4 |    8725 |   22282 |  71.9 |      20 |      31 |  60.8
   Spider:1 |   16869 |       0 |   0.0 |      36 |       0 |   0.0
   Spider:2 |   23842 |       0 |   0.0 |      60 |       0 |   0.0
   Spider:3 |   11551 |    8078 |  41.2 |      24 |      12 |  33.3
   Spider:4 |   24783 |   20529 |  45.3 |      52 |      42 |  44.7
      Orc:1 |    4115 |     445 |   9.8 |      37 |       1 |   2.6
      Orc:2 |    3864 |    8291 |  68.2 |      43 |      25 |  36.8
      Elf:1 |   31562 |   11759 |  27.1 |      51 |      19 |  27.1
      Elf:2 |    9607 |    3262 |  25.3 |      19 |       5 |  20.8
      Elf:3 |   21918 |   32582 |  59.8 |      32 |      30 |  48.4
   Vaults:1 |   28324 |   14305 |  33.6 |      52 |      20 |  27.8
   Vaults:2 |   38789 |   25583 |  39.7 |      52 |      25 |  32.5
   Vaults:3 |   22874 |   41951 |  64.7 |      46 |      53 |  53.5
   Vaults:4 |   15341 |   24884 |  61.9 |      18 |      27 |  60.0
   Vaults:5 |   26637 |  117825 |  81.6 |      42 |      99 |  70.2
    Crypt:1 |   24610 |       0 |   0.0 |      41 |       0 |   0.0
    Crypt:2 |   22409 |       0 |   0.0 |      37 |       0 |   0.0
    Crypt:3 |       0 |   62657 | 100.0 |       0 |     102 | 100.0
   Depths:1 |   35030 |   17635 |  33.5 |      41 |      16 |  28.1
   Depths:2 |       0 |  131513 | 100.0 |       0 |     123 | 100.0
   Depths:3 |   12972 |   31744 |  71.0 |      13 |      27 |  67.5
   Depths:4 |   27635 |   24402 |  46.9 |      24 |      20 |  45.5
      Zot:1 |   28745 |   28898 |  50.1 |      25 |      22 |  46.8
      Zot:2 |   30450 |    2285 |   7.0 |      26 |       2 |   7.1
      Zot:3 |   22196 |       0 |   0.0 |      20 |       0 |   0.0
      Zot:4 |   62180 |       0 |   0.0 |      47 |       0 |   0.0
      Zot:5 |   41127 |  109572 |  72.7 |      36 |      43 |  54.4
    Volcano |       0 |    2707 | 100.0 |       0 |      11 | 100.0
     WizLab |    1017 |   11485 |  91.9 |       1 |      27 |  96.4
 Desolation |       0 |   42256 | 100.0 |       0 |      87 | 100.0
   Gauntlet |       0 |    4781 | 100.0 |       0 |      16 | 100.0
            +---------+---------+-------+---------+---------+-------
